 Dungeon Crawl Stone Soup version 0.30.0-29-ga12c61a403 (webtiles) character file.

Game seed: 3132194077758880802

317080 qw the Peltast (level 21, -5/141 HPs)
             Began as a Gargoyle Fighter on June 5, 2023.
             Was a High Priest of Okawaru.
             Slain by a broodmother (10 damage)
             ... on level 4 of the Spider Nest.
             The game lasted 00:27:21 (45338 turns).

qw the Peltast (Gargoyle Fighter)                  Turns: 45338, Time: 00:27:22

Health: -5/141     AC: 60    Str: 30    XL:     21   Next: 78%
Magic:  28/28      EV: 15    Int: 10    God:    Okawaru [*****.]
Gold:   1235       SH:  0    Dex: 24    Spells: 20/20 levels left

rFire   . . .        H - +3 broad axe "Rummage" {drain, Drain +Blink rN+ Will+ Dex+6}
rCold   + . .        q - +1 tower shield {reflect}
rNeg    + + +        j - +4 plate armour {rC+}
rPois   inf          E - +2 helmet of the Turtle {Will+ Dex+5}
rElec   +            g - +2 cloak
rCorr   +            F - +2 pair of gloves {infuse}
SInv    +            o - +2 pair of boots
Will    +++..        b - amulet "Heusucw" {Fly Regen+ Dex+4} Stlth
                     u - ring of Dargh {rN+ rCorr AC+4 SInv}
HPRegen 1.23/turn    v - +5 ring of evasion
MPRegen 0.21/turn

%: reflection, infuse magic (1 MP)
@: about to teleport, heroic, flying, held
A: sickness immunity, AC +16, big wings, negative energy resistance 1,
electricity resistance, torment resistance 1, petrification resistance
}: 1/15 runes: barnacled
a: Renounce Religion, Evoke Blink, Heroism, Finesse, Duel


You were on level 4 of the Spider Nest.
You worshipped Okawaru.
Okawaru was extremely pleased with you.
You visited 7 branches of the dungeon, and saw 35 of its levels.
You visited 1 bazaar.
You also visited: Ossuary.

You collected 4011 gold pieces.
You spent 2776 gold pieces at shops.


Innate Abilities, Weirdness & Mutations

You are immune to sickness and miasma.
Your stone body is resilient. (AC +16)
You are immune to poison.
Your large and strong wings let you fly.
You resist negative energy. (rN+)
You are resistant to electric shocks. (rElec)
You are resistant to unholy torment.
You are immune to petrification.


   Skills:
 - Level 18.0(23.0) Fighting
 - Level 18.0(23.0) Axes
 - Level 10.0(15.0) Throwing
 - Level 18.0(23.0) Armour
 - Level 10.0(15.0) Dodging
 + Level 19.9(24.9) Shields
 - Level 10.0 Invocations


You had 20 spell levels left.
You didn't know any spells.
Your spell library was empty.

Inventory:

Hand Weapons
 H - the +3 broad axe "Rummage" (weapon) {drain, Drain +Blink rN+ Will+ Dex+6}
   (You found it on level 3 of the Shoals)

   Dex:       It affects your dexterity (+6).
   rN:        It protects you from negative energy.
   +Blink:    It lets you blink.
   Drain:     It drains your maximum health when unequipped.
   Will:      It increases your willpower.
 Y - a +5 broad axe of freezing
Missiles
 m - 18 boomerangs
 t - 3 silver boomerangs
 x - 4 boomerangs of dispersal
 y - 18 javelins
 A - 7 silver javelins (quivered)
Armour
 g - a +2 cloak (worn)
 j - a +4 plate armour of cold resistance (worn)
 o - a +2 pair of boots (worn)
 q - a +1 tower shield of reflection (worn)
 D - a +3 chain mail of fire resistance
 E - the +2 helmet of the Turtle (worn) {Will+ Dex+5}
   (You acquired it on level 3 of the Vaults)

   Dex:       It affects your dexterity (+5).
   Will:      It increases your willpower.
 F - a +2 pair of gloves of infusion (worn)
Jewellery
 b - the amulet "Heusucw" (around neck) {Fly Regen+ Dex+4}
   (You acquired it in an ossuary)

   [amulet of regeneration]

   Dex:       It affects your dexterity (+4).
   Fly:       It grants you flight.
   Regen:     It increases your rate of health regeneration.
 r - a +5 ring of evasion
 u - the ring of Dargh (left hand) {rN+ rCorr AC+4 SInv}
   (You found it on level 4 of the Lair of Beasts)

   [ring of protection]

   AC:        It affects your AC (+4).
   rN:        It protects you from negative energy.
   SInv:      It lets you see invisible.
   rCorr:     It protects you from acid and corrosion.
 v - a +5 ring of evasion (right hand)
 w - a ring of resist corrosion
 B - the ring of Wowiolou {Ice Int+2}
   (You found it on level 4 of the Shoals)

   [ring of ice]

   It enhances your ice magic.
   Int:       It affects your intelligence (+2).
   rF:        It makes you vulnerable to fire.
   rC:        It protects you from cold.
 C - a ring of ice
 G - a ring of fire
 I - a ring of fire
Scrolls
 a - 14 scrolls of identify
 e - 15 scrolls of teleportation
 n - a scroll of enchant weapon
Potions
 c - 4 potions of magic
 d - 4 potions of might
 f - 2 potions of cancellation
 h - 2 potions of heal wounds
 i - 6 potions of mutation
 k - 16 potions of curing
 l - 5 potions of resistance
 p - 7 potions of lignification
 s - 8 potions of attraction
 z - 7 potions of haste

Dungeon Overview and Level Annotations

Branches:
Dungeon (15/15)            Temple (1/1) D:6            Lair (5/5) D:11
 Shoals (4/4) Lair:3       Spider (4/4) Lair:2        Slime (0/5) Lair:4
    Orc (2/2) D:10            Elf (0/3) Orc:2        Vaults (4/5) D:14
  Crypt (0/3) Vaults:3     Depths (0/4) D:15        Ossuary (visited)

Altars:
Ashenzari
Cheibriados
Dithmenos
Elyvilon
Fedhas
Gozag
Hepliaklqana
Kikubaaqudgha
Makhleb
Nemelex Xobeh
Okawaru
Qazlal
Ru
Sif Muna
Trog
Uskayaw
Vehumet
Wu Jian
Xom
Yredelemnul
Zin
The Shining One
Jiyva

Shops:
D:4 (   Orc:2 [!?[   Vaults:1 [

Portals:
Trove: Vaults:3 (give 18 potions of curing)

Annotations:
D:1 2 transporters
D:10 4 transporters
Spider:4 2 transporters, qw's ghost, adept GrFi
Vaults:1 2 transporters, qw's ghost, adept GrFi


Message History

Enter note:
Enter note:
Enter note:
Enter note:
Enter note:
Enter note:
Enter note: You struggle to detach yourself from the web.
The redback bites you but does no damage.
The broodmother closely misses you.
The redback bites you but does no damage. x2
The broodmother bites you but does no damage.
The redback barely misses you.
The redback bites you but does no damage.
The redback bites you but does no damage.
The broodmother closely misses you.
The redback bites you but does no damage.
The redback misses you. The broodmother closely misses you.
The redback closely misses you. x2; The broodmother bites you!
A spider bursts forth from the wound!
The tarantella rages.
The redback bites you!
The redback bites you but does no damage.
The broodmother closely misses you. The redback completely misses you.
The redback closely misses you. The broodmother bites you.
The redback bites you but does no damage. x2
The broodmother closely misses you. The redback closely misses you.
The redback misses you. The tarantella touches you!
The broodmother closely misses you. The redback misses you.
The redback barely misses you.
The tarantella touches you but does no damage.
45338 ||| READING 16 scrolls of teleportation.
As you read the scroll of teleportation, it crumbles to dust.
You feel strangely unstable. The redback barely misses you.
The broodmother bites you!! The redback misses you.
The tarantella closely misses you.
The redback bites you but does no damage.
The broodmother bites you!
You die...

##........##
#....^.......#
#^.^^.....^#
##............
#..^.......#
######.......
###.....^### ##......
##....## ##^.^..
##^.## ##^... #~...#
#### ##... #~#..#
######~!# ##.. ##.^##
#s@s#...# #..
#....#.yss#s%~^~# #..
## ##..###.s###..^##
#.. ~##
#^..~######..~## #..
.~## ##..## ##...##
#..
~.^####~%.%####..~##
#..
.~##..#.##%#~.##..~##
#..
.~#.~.~...~^...#~^~~#
#..
...%.~....%.........#
#..


You could see a broodmother (berserk), a moth of wrath, a jumping spider
(berserk), 2 tarantellas and 2 redbacks.

Vanquished Creatures
  Bai Suzhen (Shoals:3)
  Boris (thrice) (Vaults:2 Vaults:3 Vaults:4)
  Nikola (Vaults:3)
  Rupert (D:13)
  Polyphemus (Shoals:4)
  A kraken (Shoals:3)
  6 sphinxes
  An ancient champion (Vaults:3)
  A tengu reaver (Vaults:4)
  Gastronok (D:8)
  Kirke (Lair:5)
  Donald (Shoals:1)
  2 deep elf sorcerers (Vaults:3)
  2 fire giants (Vaults:3)
  A frost giant (Vaults:3)
  4 ghost moths
  14 vault wardens
  6 emperor scorpions
  2 war gargoyles
  19 ironbound preservers
  23 very ugly things
  3 orc warlords
  3 broodmothers
  7 ironbound thunderhulks
  A spark wasp (Spider:3)
  9 dire elephants
  2 eidola (Vaults:3)
  Snorg (D:11)
  A crystal guardian (Vaults:3)
  5 merfolk impalers (Shoals:4)
  3 merfolk javelineers (Shoals:4)
  A jiangshi (Vaults:3)
  5 entropy weavers
  6 great orbs of eyes
  A deep elf high priest (Vaults:3)
  Fannar (Lair:2)
  Erolcha (D:13)
  4 vault guards
  7 yaktaur captains
  9 hydras
  3 peacekeepers
  4 catoblepae
  6 merfolk avatars
  3 boulder beetles
  16 ironbound frosthearts
  3 radroaches (Spider:1)
  18 centaur warriors
  A satyr (shapeshifter) (D:15)
  Erica (D:11)
  An alligator snapping turtle (Shoals:4)
  A deep troll shaman (Lair:5)
  8 merfolk aquamancers
  A two-headed ogre (D:13)
  2 satyrs (Shoals:4)
  A jorogumo (Spider:1)
  21 death yaks
  7 orc high priests (Orc:2)
  2 tengu warriors (D:15)
  Urug (D:12)
  4 skysharks
  4 pharaoh ants
  3 sun moths
  A fire crab (shapeshifter) (D:13)
  6 skeletal warriors
  55 deep trolls
  A deep troll (shapeshifter) (Vaults:1)
  13 orb spiders
  8 sea snakes
  8 wizards
  4 steelbarb worms
  12 ironbound convokers
  5 orc knights
  A phantasmal warrior (Vaults:4)
  4 necromancers
  11 harpies
  2 deep elf pyromancers
  A mana viper (shapeshifter) (D:13)
  8 lindwurms
  3 orc sorcerers
  44 ugly things
  19 wolf spiders
  15 manticores
  6 elephants
  7 cyclopes
  5 fauns
  A black mamba (shapeshifter) (D:14)
  8 water nymphs
  11 merfolk sirens
  A moth of wrath (Lair:2)
  8 slime creatures
  4 black mambas
  A torpor snail (Spider:3)
  A fire giant skeleton (Vaults:2)
  25 vault sentinels
  13 cane toads
  11 demonic crawlers
  8 kobold demonologists (D:12)
  An unseen horror (D:11)
  31 yaktaurs
  8 komodo dragons
  3 rime drakes
  A freezing wraith (D:14)
  A human skeleton (Vaults:2)
  3 tengu conjurers
  A yaktaur skeleton (Vaults:2)
  2 queen bees (shapeshifter)
  7 polar bears
  17 merfolk
  3 meliai (D:15)
  A hornet (D:9)
  A queen bee (Orc:1)
  14 trolls
  5 wind drakes
  5 blink frogs (Lair:1)
  18 tarantellas
  9 snapping turtles
  6 dream sheep
  26 jumping spiders
  4 shadows
  14 water elementals
  9 culicivoras
  A spriggan (shapeshifter) (D:15)
  3 wraiths
  7 wyverns
  An elf simulacrum (Vaults:2)
  A human (Lair:5)
  42 yaks
  4 hogs (Lair:5)
  2 steam dragons
  60 redbacks
  A golden eye (shapeshifter) (D:15)
  3 basilisks
  An ogre zombie (Vaults:2)
  3 vampire mosquitoes
  Edmund (D:5)
  13 wargs
  12 water moccasins
  5 black bears
  A hornet zombie (Ossuary)
  21 orc warriors
  5 ogres
  A boggart (Vaults:1)
  23 wolves
  16 centaurs
  11 bullfrogs
  5 kobold brigands
  5 necrophages (D:5)
  3 scorpions
  3 gnoll sergeants
  2 water moccasin zombies (Ossuary)
  9 wights (D:9)
  31 killer bees
  5 electric eels
  2 howler monkeys
  4 bullfrog zombies (Ossuary)
  2 centaur zombies
  5 hounds
  39 orc priests
  A jelly (D:6)
  A sleepcap (D:5)
  Natasha (thrice) (D:3)
  2 iguanas
  2 hell rats
  22 orc wizards
  3 killer bee zombies (Ossuary)
  14 mummies (Ossuary)
  A howler monkey zombie (Ossuary)
  7 adders
  13 gnolls
  5 river rats (Lair:5)
  2 shadow imps
  13 white imps
  2 worms (D:2)
  2 dart slugs
  127 orcs
  8 ball pythons
  3 bat skeletons (D:5)
  3 bat zombies (D:5)
  7 endoplasms
  6 giant cockroaches
  9 goblins
  4 hobgoblins
  4 jackals (D:5)
  4 quokkas
  3 bats
  2 frilled lizards (D:3)
  22 kobolds
  9 rats
  2 tentacles (Shoals:3)
1453 creatures vanquished.

Vanquished Creatures (others)
  A tengu reaver (Vaults:3)
  A catoblepas (D:15)
  A merfolk aquamancer (Shoals:4)
  A centaur warrior (D:15)
  A wizard (D:14)
  2 cyclopes (D:15)
  An eye of devastation (shapeshifter) (Vaults:3)
  A water elemental (Shoals:4)
  A floating eye (shapeshifter) (Vaults:3)
  4 tentacles (Shoals:3)
14 creatures vanquished.

Grand Total: 1467 creatures vanquished

Notes
Turn   | Place    | Note
-------+----------+-------------------------------------------
     0 | D:1      | qw the Gargoyle Fighter began the quest for the Orb.
     0 | D:1      | Reached XP level 1. HP: 14/14 MP: 1/1
     0 | D:1      | 0 ||| qw: Version: 0.2-a-108-gee2c290
     0 | D:1      | 0 ||| qw: Game counter: 1453
     0 | D:1      | 0 ||| qw: Always use a shield: true
     0 | D:1      | 0 ||| qw: God list: Okawaru
     0 | D:1      | 0 ||| qw: Allow faded altars: false
     0 | D:1      | 0 ||| qw: Do Orc after D:15 true
     0 | D:1      | 0 ||| qw: Do second Lair branch before Depths: true
     0 | D:1      | 0 ||| qw: Lair rune preference: random
     0 | D:1      | 0 ||| qw: Plans: Normal, Zot:1-4, Slime:5, God:TSO, Crypt,
                  | Tomb, Abyss, Pan, Hells, Win
     0 | D:1      | 0 ||| PLANNING D:1-11
    27 | D:1      | Reached XP level 2. HP: 7/19 MP: 2/2
   220 | D:1      | 220 ||| Stepping ~*~*~tactically~*~*~ (stealth).
   235 | D:1      | 235 ||| Stepping ~*~*~tactically~*~*~ (stealth).
   312 | D:1      | Reached skill level 3 in Axes
   330 | D:1      | Reached XP level 3. HP: 23/23 MP: 3/3
   659 | D:1      | 659 ||| UPGRADING to +2 cloak.
   744 | D:1      | 744 ||| READING scroll labelled KEXULOU JOESCH.
   745 | D:1      | 745 ||| READING scroll labelled NEOWKA FATI.
   746 | D:1      | 746 ||| READING scroll labelled FON JIAPENI.
   747 | D:1      | 747 ||| READING scroll labelled SUFIWN ACUT.
   941 | D:2      | Found a faded altar of an unknown god.
  1016 | D:2      | 1016 ||| Stepping ~*~*~tactically~*~*~ (hiding).
  1489 | D:2      | You fall into a shaft and drop 2 floors!
  1520 | D:4      | Reached XP level 4. HP: 28/28 MP: 4/4
  1576 | D:4      | Found Fishoecay's Firing Range.
  1675 | D:4      | Noticed a bullfrog
  1690 | D:4      | Killed a bullfrog
  1691 | D:4      | Reached XP level 5. HP: 18/32 MP: 5/5
  1942 | D:4      | HP: 5/32 [something/puff of flame (7)]
  1954 | D:4      | HP: 6/33 [something (2)]
  1957 | D:4      | Reached XP level 6. HP: 8/38 MP: 6/6
  2106 | D:4      | 2106 ||| Stepping ~*~*~tactically~*~*~ (stealth).
  2109 | D:4      | 2109 ||| Stepping ~*~*~tactically~*~*~ (stealth).
  2112 | D:4      | 2112 ||| Stepping ~*~*~tactically~*~*~ (stealth).
  2204 | D:4      | 2204 ||| UPGRADING to +5 ring of evasion.
  2205 | D:4      | 2205 ||| READING 3 scrolls labelled ATIACYS JYIME.
  2206 | D:4      | 2206 ||| DRINKING 2 murky ruby potions.
  2207 | D:4      | 2207 ||| DRINKING 3 viscous yellow potions.
  2208 | D:4      | 2208 ||| READING 2 scrolls of identify.
  2208 | D:4      | 2208 ||| IDENTIFYING bubbling sapphire potion
  2209 | D:4      | 2209 ||| DROPPING 2 potions of flight.
  2214 | D:4      | 2214 ||| FLEEEEING.
  2215 | D:4      | 2215 ||| FLEEEEING.
  2216 | D:4      | 2216 ||| FLEEEEING.
  2217 | D:4      | 2217 ||| STAIRDANCE
  2322 | D:3      | 2322 ||| STAIRDANCE
  2403 | D:3      | HP: 7/38 [orc priest/nerve-wracking pain (4)]
  2404 | D:3      | 2404 ||| DRINKING potion of heal wounds.
  2407 | D:3      | Reached skill level 1 in Dodging
  2483 | D:3      | 2483 ||| Stepping ~*~*~tactically~*~*~ (hiding).
  2488 | D:3      | 2488 ||| DRINKING potion of curing.
  2488 | D:3      | 2488 ||| (to cure confusion)
  2621 | D:3      | Found a shimmering blue altar of Sif Muna.
  2624 | D:3      | Found a radiant altar of Vehumet.
  2819 | D:3      | 2819 ||| SWAPPING to +0 heavy war axe.
  3049 | D:3      | Noticed Natasha
  3050 | D:3      | 3050 ||| Stepping ~*~*~tactically~*~*~ (hiding).
  3055 | D:3      | Killed Natasha
  3095 | D:3      | Noticed Natasha
  3096 | D:3      | 3096 ||| Stepping ~*~*~tactically~*~*~ (hiding).
  3104 | D:3      | Killed Natasha
  3190 | D:3      | Identified the +1 ring mail "Atwesm" {Harm *Slow Str+9
                  | Int-4}
  3200 | D:3      | Noticed Natasha
  3201 | D:3      | 3201 ||| Stepping ~*~*~tactically~*~*~ (hiding).
  3207 | D:3      | Killed Natasha
  3213 | D:3      | Reached skill level 6 in Axes
  3213 | D:3      | Reached XP level 7. HP: 26/43 MP: 7/7
  3245 | D:3      | 3245 ||| FLEEEEING.
  3246 | D:3      | 3246 ||| FLEEEEING.
  3639 | D:3      | 3639 ||| READING scroll of enchant weapon.
  3639 | D:3      | 3639 ||| ENCHANTING +0 heavy war axe.
  3640 | D:3      | 3640 ||| DROPPING +1 war axe.
  3864 | D:3      | 3864 ||| READING scroll labelled DEANTO POIRUR.
  3867 | D:3      | 3867 ||| READING 3 scrolls of identify.
  3867 | D:3      | 3867 ||| IDENTIFYING sapphire potion
  3868 | D:3      | 3868 ||| READING 2 scrolls of identify.
  3868 | D:3      | 3868 ||| IDENTIFYING cyan potion
  3937 | D:4      | 3937 ||| Stepping ~*~*~tactically~*~*~ (hiding).
  4455 | D:5      | Entered Level 5 of the Dungeon
  4474 | D:5      | 4474 ||| Stepping ~*~*~tactically~*~*~ (stealth).
  4540 | D:5      | 4540 ||| DROPPING +0 whip.
  5052 | D:5      | Found an ancient bone altar of Kikubaaqudgha.
  5233 | D:5      | Reached XP level 8. HP: 49/49 MP: 8/8
  5414 | D:5      | Noticed Edmund
  5425 | D:5      | Killed Edmund
  5483 | D:5      | Found a glowing silver altar of Zin.
  5514 | D:5      | Found a blossoming altar of Fedhas.
  5527 | D:5      | Reached skill level 6 in Fighting
  5530 | D:5      | 5530 ||| DROPPING +1 ring mail "Atwesm" {Harm *Slow Str+9
                  | Int-4}.
  5531 | D:5      | 5531 ||| UPGRADING to +0 pair of boots.
  5536 | D:5      | 5536 ||| UPGRADING to +2 helmet.
  5541 | D:5      | 5541 ||| UPGRADING to +0 chain mail.
  5551 | D:5      | 5551 ||| DROPPING +0 scale mail.
  5552 | D:5      | 5552 ||| READING scroll labelled MITTIYREOR.
  5553 | D:5      | 5553 ||| READING 2 scrolls of identify.
  5553 | D:5      | 5553 ||| IDENTIFYING yellow potion
  5554 | D:5      | 5554 ||| DROPPING potion of invisibility.
  5760 | D:6      | Found a staircase to the Ecumenical Temple.
  5761 | D:6      | 5761 ||| PLANNING TEMPLE
  5761 | D:6      | 5761 ||| READING scroll labelled LOCOCU KOWIM.
  5762 | D:6      | 5762 ||| READING 2 scrolls of identify.
  5762 | D:6      | 5762 ||| IDENTIFYING ruby potion
  5763 | D:6      | 5763 ||| DROPPING potion of brilliance.
  5772 | Temple   | Entered the Ecumenical Temple
  6079 | Temple   | 6079 ||| PLANNING OKAWARU WORSHIP
  6231 | Temple   | Became a worshipper of Warmaster Okawaru
  6231 | Temple   | 6231 ||| PLANNING D:1-11
  6404 | D:6      | 6404 ||| Stepping ~*~*~tactically~*~*~ (hiding).
  6407 | D:6      | 6407 ||| Stepping ~*~*~tactically~*~*~ (hiding).
  6574 | D:6      | 6574 ||| Stepping ~*~*~tactically~*~*~ (stealth).
  6582 | D:6      | Found a burning altar of Makhleb.
  7306 | D:6      | 7306 ||| READING scroll labelled PAZIAZ XIOXKU.
  7307 | D:6      | 7307 ||| READING scroll labelled GUVVAE MESYONN.
  7344 | D:7      | 7344 ||| Stepping ~*~*~tactically~*~*~ (stealth).
  7346 | D:7      | 7346 ||| Stepping ~*~*~tactically~*~*~ (hiding).
  7364 | D:7      | Reached XP level 9. HP: 37/55 MP: 9/9
  7364 | D:7      | Reached * piety under Okawaru
  7365 | D:7      | Reached skill level 9 in Axes
  7365 | D:7      | 7365 ||| INVOKING Heroism.
  7449 | D:7      | 7449 ||| SWAPPING to +0 broad axe.
  7450 | D:7      | 7450 ||| DROPPING +1 heavy war axe.
  7451 | D:7      | 7451 ||| READING scroll of enchant armour.
  7451 | D:7      | 7451 ||| ENCHANTING +0 pair of boots.
  7494 | D:7      | Reached skill level 1 in Throwing
  7614 | D:7      | Reached skill level 4 in Shields
  7614 | D:7      | Reached skill level 1 in Invocations
  7684 | D:7      | 7684 ||| READING scroll of enchant weapon.
  7684 | D:7      | 7684 ||| ENCHANTING +0 broad axe.
  7847 | D:7      | 7847 ||| Stepping ~*~*~tactically~*~*~ (hiding).
  7868 | D:7      | 7868 ||| INVOKING Heroism.
  7869 | D:7      | 7869 ||| INVOKING Heroism.
  7933 | D:7      | 7933 ||| INVOKING Heroism.
  8239 | D:7      | 8239 ||| UPGRADING to +0 plate armour.
  8249 | D:7      | 8249 ||| DROPPING +0 chain mail.
  8254 | D:8      | Noticed Gastronok
  8255 | D:8      | 8255 ||| PLANNING OSSUARY
  8255 | D:8      | 8255 ||| INVOKING Heroism.
  8268 | D:8      | Killed Gastronok
  8268 | D:8      | Reached ** piety under Okawaru
  8269 | D:8      | Reached skill level 6 in Armour
  8269 | D:8      | 8269 ||| INVOKING Heroism.
  8461 | D:8      | Found a sand-covered staircase.
  8462 | D:8      | 8462 ||| UPGRADING to +2 hat of see invisible.
  8481 | Ossuary  | Entered an ossuary
  8485 | Ossuary  | 8485 ||| Stepping ~*~*~tactically~*~*~ (hiding).
  8500 | Ossuary  | 8500 ||| Stepping ~*~*~tactically~*~*~ (stealth).
  8508 | Ossuary  | Reached XP level 10. HP: 59/61 MP: 13/13
  8515 | Ossuary  | 8515 ||| Stepping ~*~*~tactically~*~*~ (stealth).
  8517 | Ossuary  | 8517 ||| Stepping ~*~*~tactically~*~*~ (hiding).
  8598 | Ossuary  | 8598 ||| Stepping ~*~*~tactically~*~*~ (hiding).
  8599 | Ossuary  | 8599 ||| Stepping ~*~*~tactically~*~*~ (hiding).
  8600 | Ossuary  | 8600 ||| Stepping ~*~*~tactically~*~*~ (hiding).
  8624 | Ossuary  | 8624 ||| Stepping ~*~*~tactically~*~*~ (stealth).
  8640 | Ossuary  | 8640 ||| Stepping ~*~*~tactically~*~*~ (hiding).
  8695 | Ossuary  | Reached *** piety under Okawaru
  8710 | Ossuary  | 8710 ||| Stepping ~*~*~tactically~*~*~ (hiding).
  8715 | Ossuary  | 8715 ||| Stepping ~*~*~tactically~*~*~ (hiding).
  8868 | Ossuary  | 8868 ||| READING scroll of enchant armour.
  8868 | Ossuary  | 8868 ||| ENCHANTING +1 pair of boots.
  8984 | Ossuary  | 8984 ||| UPGRADING to ring of willpower.
  8985 | Ossuary  | 8985 ||| READING scroll labelled YBIMAO COWKA.
  8985 | Ossuary  | Identified a scroll of acquirement
  8985 | Ossuary  | 8985 ||| ACQUIRING amulet "Heusucw" {Fly Regen+ Dex+4}
  8985 | Ossuary  | Acquired the amulet "Heusucw" {Fly Regen+ Dex+4}
  8987 | Ossuary  | 8987 ||| UPGRADING to amulet "Heusucw" {Fly Regen+ Dex+4}.
  9040 | Ossuary  | 9040 ||| READING 2 scrolls labelled GOHETHR WA OKAX.
  9041 | Ossuary  | 9041 ||| READING 2 scrolls labelled IFYD FURYFA.
  9042 | Ossuary  | 9042 ||| READING scroll labelled TYNWAZ WAIWEDGH.
  9054 | Ossuary  | 9054 ||| READING 2 scrolls of identify.
  9054 | Ossuary  | 9054 ||| IDENTIFYING bubbling coppery potion
  9055 | Ossuary  | 9055 ||| DROPPING scroll of blinking.
  9056 | Ossuary  | 9056 ||| DROPPING scroll of immolation.
  9076 | D:8      | 9076 ||| PLANNING D:1-11
  9112 | D:8      | 9112 ||| Stepping ~*~*~tactically~*~*~ (hiding).
  9157 | D:8      | 9157 ||| Stepping ~*~*~tactically~*~*~ (hiding).
  9159 | D:8      | 9159 ||| Stepping ~*~*~tactically~*~*~ (hiding).
  9162 | D:8      | 9162 ||| Stepping ~*~*~tactically~*~*~ (hiding).
  9181 | D:8      | 9181 ||| DROPPING +0 flail.
  9228 | D:8      | 9228 ||| READING scroll of enchant weapon.
  9228 | D:8      | 9228 ||| ENCHANTING +1 broad axe.
  9524 | D:8      | 9524 ||| Stepping ~*~*~tactically~*~*~ (hiding).
 10140 | D:8      | 10140 ||| UPGRADING to +0 kite shield.
 10150 | D:8      | 10150 ||| DROPPING +0 buckler.
 10151 | D:8      | 10151 ||| READING 2 scrolls of identify.
 10151 | D:8      | 10151 ||| IDENTIFYING brown potion
 10200 | D:9      | Found a white marble altar of Elyvilon.
 10244 | D:9      | Reached skill level 5 in Shields
 10260 | D:9      | 10260 ||| INVOKING Heroism.
 10285 | D:9      | 10285 ||| Stepping ~*~*~tactically~*~*~ (hiding).
 10290 | D:9      | Received a gift from Okawaru
 10291 | D:9      | Reached skill level 6 in Shields
 10488 | D:9      | Found an opulent altar of Gozag.
 10583 | D:9      | Found a bloodstained altar of Trog.
 10645 | D:9      | Reached skill level 7 in Shields
 10656 | D:9      | Reached **** piety under Okawaru
 10664 | D:9      | 10664 ||| FLEEEEING.
 10665 | D:9      | 10665 ||| Stepping ~*~*~tactically~*~*~ (hiding).
 10692 | D:9      | 10692 ||| DROPPING +0 flail of protection.
 10728 | D:9      | 10728 ||| INVOKING Heroism.
 11053 | D:9      | 11053 ||| UPGRADING to +6 ring of dexterity.
 11055 | D:9      | 11055 ||| UPGRADING to +4 ring of protection.
 11057 | D:9      | 11057 ||| DROPPING ring of willpower.
 11058 | D:9      | 11058 ||| DROPPING +6 ring of dexterity.
 11086 | D:10     | Entered Level 10 of the Dungeon
 11093 | D:10     | Found a transporter.
 11167 | D:10     | Found a transporter.
 11198 | D:10     | Found a transporter.
 11207 | D:10     | 11207 ||| INVOKING Heroism.
 11209 | D:10     | 11209 ||| Stepping ~*~*~tactically~*~*~ (stealth).
 11210 | D:10     | 11210 ||| Stepping ~*~*~tactically~*~*~ (stealth).
 11231 | D:10     | Found a stormy altar of Qazlal.
 11270 | D:10     | Found a transporter.
 11360 | D:10     | Reached skill level 8 in Shields
 11381 | D:10     | Reached XP level 11. HP: 60/67 MP: 15/15
 11407 | D:10     | Found a staircase to the Orcish Mines.
 11446 | D:10     | 11446 ||| Stepping ~*~*~tactically~*~*~ (stealth).
 11448 | D:10     | 11448 ||| Stepping ~*~*~tactically~*~*~ (stealth).
 11450 | D:10     | 11450 ||| Stepping ~*~*~tactically~*~*~ (stealth).
 11456 | D:10     | 11456 ||| INVOKING Heroism.
 11464 | D:10     | Reached skill level 9 in Shields
 11577 | D:10     | 11577 ||| READING scroll labelled POAFFIH TOXEOMM.
 11578 | D:10     | 11578 ||| READING 2 scrolls of identify.
 11578 | D:10     | 11578 ||| IDENTIFYING lumpy puce potion
 11579 | D:10     | 11579 ||| DROPPING potion of degeneration.
 11612 | D:11     | Noticed Erica
 11613 | D:11     | 11613 ||| Stepping ~*~*~tactically~*~*~ (hiding).
 11618 | D:11     | 11618 ||| INVOKING Heroism.
 11618 | D:11     | Noticed a centaur warrior
 11629 | D:11     | Reached skill level 6 in Invocations
 11633 | D:11     | Killed a centaur warrior
 11636 | D:11     | 11636 ||| INVOKING Heroism.
 11642 | D:11     | Noticed a skeletal warrior
 11643 | D:11     | HP: 2/68 [Erica/lance of force (26)]
 11644 | D:11     | 11644 ||| READING 10 scrolls of teleportation.
 11645 | D:11     | 11645 ||| DRINKING 2 potions of heal wounds.
 11647 | D:11     | Killed Erica
 11647 | D:11     | Noticed Snorg
 11655 | D:11     | HP: 17/68 [Snorg (5)]
 11656 | D:11     | 11656 ||| READING 9 scrolls of teleportation.
 11657 | D:11     | 11657 ||| DRINKING potion of heal wounds.
 11796 | D:11     | 11796 ||| INVOKING Heroism.
 11831 | D:11     | 11831 ||| INVOKING Heroism.
 11850 | D:11     | Killed Snorg
 11953 | D:11     | Noticed a white ugly thing
 11954 | D:11     | 11954 ||| INVOKING Heroism.
 11965 | D:11     | Killed a white ugly thing
 11989 | D:11     | 11989 ||| INVOKING Heroism.
 12048 | D:11     | 12048 ||| INVOKING Heroism.
 12052 | D:11     | 12052 ||| Stepping ~*~*~tactically~*~*~ (hiding).
 12070 | D:11     | Killed a skeletal warrior
 12070 | D:11     | Received a gift from Okawaru
 12139 | D:11     | 12139 ||| Stepping ~*~*~tactically~*~*~ (stealth).
 12269 | D:11     | Found a staircase to the Lair.
 12306 | D:11     | 12306 ||| Stepping ~*~*~tactically~*~*~ (stealth).
 12307 | D:11     | 12307 ||| Stepping ~*~*~tactically~*~*~ (stealth).
 12329 | D:11     | 12329 ||| Stepping ~*~*~tactically~*~*~ (stealth).
 12337 | D:11     | 12337 ||| INVOKING Heroism.
 12347 | D:11     | Reached skill level 9 in Invocations
 12347 | D:11     | Reached XP level 12. HP: 72/73 MP: 16/18
 12512 | D:11     | 12512 ||| Stepping ~*~*~tactically~*~*~ (stealth).
 12567 | D:11     | 12567 ||| PLANNING LAIR
 12567 | D:11     | 12567 ||| READING scroll labelled ALICIVVIOME.
 12568 | D:11     | 12568 ||| READING 4 scrolls of identify.
 12568 | D:11     | 12568 ||| IDENTIFYING lumpy green potion
 12569 | D:11     | 12569 ||| READING 3 scrolls of identify.
 12569 | D:11     | 12569 ||| IDENTIFYING blue potion
 12570 | D:11     | 12570 ||| DROPPING potion of berserk rage.
 12621 | Lair:1   | Entered Level 1 of the Lair of Beasts
 12628 | Lair:1   | 12628 ||| STAIRDANCE
 12634 | D:11     | 12634 ||| INVOKING Heroism.
 12665 | Lair:1   | Reached skill level 10 in Shields
 12677 | Lair:1   | 12677 ||| Stepping ~*~*~tactically~*~*~ (stealth).
 12734 | Lair:1   | 12734 ||| Stepping ~*~*~tactically~*~*~ (stealth).
 12735 | Lair:1   | 12735 ||| Stepping ~*~*~tactically~*~*~ (stealth).
 12738 | Lair:1   | 12738 ||| Stepping ~*~*~tactically~*~*~ (stealth).
 12785 | Lair:1   | Reached ***** piety under Okawaru
 12821 | Lair:1   | You are sucked into a shaft and drop 1 floor!
 12855 | Lair:2   | 12855 ||| READING 2 scrolls of identify.
 12855 | Lair:2   | 12855 ||| IDENTIFYING coppery potion
 12917 | Lair:1   | 12917 ||| INVOKING Heroism.
 12933 | Lair:1   | Reached skill level 9 in Fighting
 13107 | Lair:1   | 13107 ||| INVOKING Heroism.
 13113 | Lair:1   | Identified the +0 robe of Vames {rPois rC+} (Okawaru gifted
                  | it to you on level 1 of the Lair of Beasts)
 13113 | Lair:1   | Received a gift from Okawaru
 13209 | Lair:1   | 13209 ||| Stepping ~*~*~tactically~*~*~ (hiding).
 13210 | Lair:1   | 13210 ||| Stepping ~*~*~tactically~*~*~ (hiding).
 13223 | Lair:1   | Found a frozen archway.
 13582 | Lair:2   | Noticed Fannar
 13583 | Lair:2   | 13583 ||| Stepping ~*~*~tactically~*~*~ (stealth).
 13584 | Lair:2   | 13584 ||| Stepping ~*~*~tactically~*~*~ (stealth).
 13585 | Lair:2   | 13585 ||| Stepping ~*~*~tactically~*~*~ (stealth).
 13586 | Lair:2   | 13586 ||| Stepping ~*~*~tactically~*~*~ (stealth).
 13587 | Lair:2   | 13587 ||| Stepping ~*~*~tactically~*~*~ (stealth).
 13588 | Lair:2   | 13588 ||| Stepping ~*~*~tactically~*~*~ (stealth).
 13609 | Lair:2   | 13609 ||| INVOKING Heroism.
 13628 | Lair:2   | Killed Fannar
 13629 | Lair:2   | Reached skill level 12 in Axes
 13680 | Lair:2   | 13680 ||| INVOKING Heroism.
 13688 | Lair:2   | 13688 ||| Stepping ~*~*~tactically~*~*~ (stealth).
 13689 | Lair:2   | 13689 ||| Stepping ~*~*~tactically~*~*~ (stealth).
 13715 | Lair:2   | 13715 ||| Stepping ~*~*~tactically~*~*~ (stealth).
 13719 | Lair:2   | 13719 ||| Stepping ~*~*~tactically~*~*~ (stealth).
 13941 | Lair:2   | Noticed a catoblepas
 13942 | Lair:2   | 13942 ||| INVOKING Heroism.
 13954 | Lair:2   | Killed a catoblepas
 13958 | Lair:2   | Found a hole to the Spider Nest.
 14155 | Lair:2   | Noticed a skyshark
 14168 | Lair:2   | Killed a skyshark
 14169 | Lair:2   | Reached skill level 9 in Armour
 14183 | Lair:2   | 14183 ||| INVOKING Heroism.
 14191 | Lair:2   | Reached XP level 13. HP: 80/80 MP: 18/20
 14504 | Lair:3   | 14504 ||| READING scroll of enchant armour.
 14504 | Lair:3   | 14504 ||| ENCHANTING +0 plate armour.
 14511 | Lair:3   | 14511 ||| READING scroll of enchant weapon.
 14511 | Lair:3   | 14511 ||| ENCHANTING +2 broad axe.
 14518 | Lair:3   | 14518 ||| Stepping ~*~*~tactically~*~*~ (stealth).
 14632 | Lair:3   | 14632 ||| INVOKING Heroism.
 14633 | Lair:3   | 14633 ||| Stepping ~*~*~tactically~*~*~ (stealth).
 14741 | Lair:3   | 14741 ||| Stepping ~*~*~tactically~*~*~ (stealth).
 14743 | Lair:3   | 14743 ||| Stepping ~*~*~tactically~*~*~ (stealth).
 14778 | Lair:3   | 14778 ||| INVOKING Heroism.
 14893 | Lair:3   | 14893 ||| Stepping ~*~*~tactically~*~*~ (hiding).
 14919 | Lair:3   | 14919 ||| INVOKING Heroism.
 14950 | Lair:3   | 14950 ||| INVOKING Heroism.
 14951 | Lair:3   | Received a gift from Okawaru
 15003 | Lair:3   | 15003 ||| INVOKING Heroism.
 15005 | Lair:3   | 15005 ||| SWAPPING to +1 flail of protection.
 15015 | Lair:3   | 15015 ||| SWAPPING to +3 broad axe.
 15462 | Lair:3   | Found a staircase to the Shoals.
 15463 | Lair:3   | 15463 ||| Stepping ~*~*~tactically~*~*~ (hiding).
 15464 | Lair:3   | 15464 ||| Stepping ~*~*~tactically~*~*~ (hiding).
 15529 | Lair:4   | Identified the ring of Dargh {rN+ rCorr AC+4 SInv}
 15549 | Lair:4   | 15549 ||| INVOKING Heroism.
 15573 | Lair:4   | Reached skill level 11 in Shields
 15639 | Lair:4   | 15639 ||| INVOKING Heroism.
 15640 | Lair:4   | 15640 ||| INVOKING Finesse.
 15661 | Lair:4   | Reached skill level 3 in Dodging
 15666 | Lair:4   | Received a gift from Okawaru
 15754 | Lair:4   | 15754 ||| Stepping ~*~*~tactically~*~*~ (hiding).
 16035 | Lair:4   | Found a staircase to the Slime Pits.
 16036 | Lair:4   | Found a viscous altar of Jiyva.
 16141 | Lair:4   | 16141 ||| Stepping ~*~*~tactically~*~*~ (stealth).
 16171 | Lair:4   | 16171 ||| INVOKING Heroism.
 16174 | Lair:4   | Reached skill level 3 in Throwing
 16193 | Lair:4   | 16193 ||| Stepping ~*~*~tactically~*~*~ (hiding).
 16672 | Lair:4   | 16672 ||| UPGRADING to ring of Dargh {rN+ rCorr AC+4 SInv}.
 16674 | Lair:4   | 16674 ||| UPGRADING to +2 helmet.
 16684 | Lair:4   | 16684 ||| UPGRADING to +5 ring of evasion.
 16686 | Lair:4   | 16686 ||| DROPPING +4 ring of protection.
 16687 | Lair:4   | 16687 ||| READING scroll labelled MICEQU TIDYUNA.
 16727 | Lair:5   | Entered Level 5 of the Lair of Beasts
 16728 | Lair:5   | 16728 ||| INVOKING Heroism.
 16729 | Lair:5   | 16729 ||| INVOKING Finesse.
 16738 | Lair:5   | 16738 ||| SWAPPING to +1 flail of protection.
 16772 | Lair:5   | 16772 ||| STAIRDANCE
 16779 | Lair:4   | 16779 ||| SWAPPING to +3 broad axe.
 16835 | Lair:5   | 16835 ||| Stepping ~*~*~tactically~*~*~ (stealth).
 16840 | Lair:5   | 16840 ||| Stepping ~*~*~tactically~*~*~ (stealth).
 16844 | Lair:5   | 16844 ||| Stepping ~*~*~tactically~*~*~ (stealth).
 16868 | Lair:5   | Gained mutation: Your large and strong wings let you fly.
                  | [Gargoyle growth]
 16868 | Lair:5   | Reached XP level 14. HP: 88/88 MP: 21/21
 16891 | Lair:5   | 16891 ||| READING scroll of enchant armour.
 16891 | Lair:5   | 16891 ||| ENCHANTING +1 plate armour.
 16895 | Lair:5   | Noticed Kirke
 16896 | Lair:5   | 16896 ||| INVOKING Heroism.
 16897 | Lair:5   | 16897 ||| INVOKING Finesse.
 16899 | Lair:5   | Noticed a dire elephant
 16918 | Lair:5   | Killed Kirke
 16929 | Lair:5   | Killed a dire elephant
 17053 | Lair:5   | 17053 ||| DROPPING +1 flail of protection.
 17069 | Lair:5   | 17069 ||| INVOKING Heroism.
 17070 | Lair:5   | 17070 ||| INVOKING Finesse.
 17071 | Lair:5   | 17071 ||| SWAPPING to +0 morningstar.
 17085 | Lair:5   | Received a gift from Okawaru
 17086 | Lair:5   | 17086 ||| SWAPPING to +3 broad axe.
 17129 | Lair:5   | 17129 ||| READING scroll of enchant weapon.
 17129 | Lair:5   | 17129 ||| ENCHANTING +3 broad axe.
 17213 | Lair:5   | 17213 ||| INVOKING Heroism.
 17246 | Lair:5   | 17246 ||| Stepping ~*~*~tactically~*~*~ (stealth).
 17264 | Lair:5   | 17264 ||| INVOKING Heroism.
 17269 | Lair:5   | Received a gift from Okawaru
 17410 | Lair:5   | 17410 ||| READING scroll of acquirement.
 17410 | Lair:5   | 17410 ||| ACQUIRING 305 gold pieces
 17410 | Lair:5   | Acquired 305 gold pieces
 17444 | Lair:5   | 17444 ||| INVOKING Heroism.
 17457 | Lair:5   | Received a gift from Okawaru
 17829 | Lair:5   | 17829 ||| INVOKING Heroism.
 17838 | Lair:5   | Received a gift from Okawaru
 17851 | Lair:5   | 17851 ||| Stepping ~*~*~tactically~*~*~ (hiding).
 17856 | Lair:5   | 17856 ||| INVOKING Heroism.
 17858 | Lair:5   | Reached skill level 12 in Shields
 17977 | Lair:5   | 17977 ||| PLANNING D
 17977 | Lair:5   | 17977 ||| READING 11 scrolls of identify.
 17977 | Lair:5   | 17977 ||| IDENTIFYING green potion
 18119 | D:12     | 18119 ||| Stepping ~*~*~tactically~*~*~ (hiding).
 18122 | D:12     | 18122 ||| Stepping ~*~*~tactically~*~*~ (hiding).
 18150 | D:12     | 18150 ||| Stepping ~*~*~tactically~*~*~ (stealth).
 18155 | D:12     | 18155 ||| Stepping ~*~*~tactically~*~*~ (stealth).
 18334 | D:12     | 18334 ||| INVOKING Heroism.
 18350 | D:12     | Noticed Urug
 18352 | D:12     | Reached skill level 6 in Throwing
 18378 | D:12     | Killed Urug
 18607 | D:12     | 18607 ||| DROPPING +2 war axe of electrocution.
 18644 | D:12     | 18644 ||| Stepping ~*~*~tactically~*~*~ (hiding).
 18646 | D:12     | 18646 ||| Stepping ~*~*~tactically~*~*~ (hiding).
 18662 | D:12     | 18662 ||| Stepping ~*~*~tactically~*~*~ (hiding).
 18663 | D:12     | 18663 ||| Stepping ~*~*~tactically~*~*~ (hiding).
 19169 | D:13     | 19169 ||| Stepping ~*~*~tactically~*~*~ (cloud).
 19170 | D:13     | 19170 ||| STAIRDANCE
 19304 | D:13     | 19304 ||| INVOKING Heroism.
 19309 | D:13     | 19309 ||| INVOKING Finesse.
 19310 | D:13     | 19310 ||| SWAPPING to +0 morningstar.
 19327 | D:13     | 19327 ||| SWAPPING to +4 broad axe.
 19368 | D:13     | Identified the ring of Contention {*Corrode rElec rPois
                  | Will+ Stlth+}
 19385 | D:13     | Noticed Rupert
 19386 | D:13     | 19386 ||| INVOKING Heroism.
 19387 | D:13     | Paralysed by Rupert for 5 turns
 19393 | D:13     | Noticed Erolcha
 19399 | D:13     | 19399 ||| DRINKING 8 potions of curing.
 19399 | D:13     | 19399 ||| (to cure confusion)
 19408 | D:13     | Killed Rupert
 19409 | D:13     | 19409 ||| INVOKING Finesse.
 19418 | D:13     | Killed Erolcha
 19419 | D:13     | Reached skill level 15 in Axes
 19430 | D:13     | 19430 ||| Stepping ~*~*~tactically~*~*~ (stealth).
 19474 | D:13     | Reached XP level 15. HP: 93/94 MP: 22/22
 19529 | D:13     | 19529 ||| Stepping ~*~*~tactically~*~*~ (hiding).
 19540 | D:13     | Received a gift from Okawaru
 19660 | D:13     | 19660 ||| Stepping ~*~*~tactically~*~*~ (hiding).
 19661 | D:13     | 19661 ||| Stepping ~*~*~tactically~*~*~ (hiding).
 19905 | D:13     | 19905 ||| DROPPING ring of Contention {*Corrode rElec rPois
                  | Will+ Stlth+}.
 19906 | D:13     | 19906 ||| DROPPING ring of positive energy.
 20004 | D:14     | 20004 ||| READING scroll of enchant armour.
 20004 | D:14     | 20004 ||| ENCHANTING +2 plate armour.
 20060 | D:14     | 20060 ||| INVOKING Heroism.
 20062 | D:14     | 20062 ||| Stepping ~*~*~tactically~*~*~ (stealth).
 20094 | D:14     | Reached skill level 12 in Fighting
 20125 | D:14     | 20125 ||| INVOKING Heroism.
 20138 | D:14     | 20138 ||| Stepping ~*~*~tactically~*~*~ (stealth).
 20142 | D:14     | 20142 ||| Stepping ~*~*~tactically~*~*~ (stealth).
 20225 | D:14     | 20225 ||| Stepping ~*~*~tactically~*~*~ (stealth).
 20260 | D:14     | Identified the +0 chain mail "Lehazomea" {rN+} (Okawaru
                  | gifted it to you on level 14 of the Dungeon)
 20260 | D:14     | Received a gift from Okawaru
 20296 | D:14     | 20296 ||| Stepping ~*~*~tactically~*~*~ (stealth).
 20297 | D:14     | 20297 ||| Stepping ~*~*~tactically~*~*~ (stealth).
 20491 | D:14     | 20491 ||| INVOKING Heroism.
 20500 | D:14     | HP: 23/96 [red ugly thing (23)]
 20501 | D:14     | 20501 ||| READING 14 scrolls of teleportation.
 20502 | D:14     | 20502 ||| DRINKING 2 potions of heal wounds.
 20547 | D:14     | 20547 ||| Stepping ~*~*~tactically~*~*~ (stealth).
 20554 | D:14     | 20554 ||| Stepping ~*~*~tactically~*~*~ (stealth).
 20620 | D:14     | 20620 ||| Stepping ~*~*~tactically~*~*~ (hiding).
 20621 | D:14     | 20621 ||| Stepping ~*~*~tactically~*~*~ (hiding).
 20626 | D:14     | 20626 ||| INVOKING Heroism.
 20627 | D:14     | 20627 ||| INVOKING Finesse.
 20631 | D:14     | 20631 ||| SWAPPING to +0 morningstar.
 20637 | D:14     | 20637 ||| SWAPPING to +4 broad axe.
 20654 | D:14     | 20654 ||| Stepping ~*~*~tactically~*~*~ (stealth).
 20854 | D:14     | 20854 ||| INVOKING Heroism.
 20982 | D:14     | Found a gate to the Vaults.
 20983 | D:14     | 20983 ||| Stepping ~*~*~tactically~*~*~ (hiding).
 21194 | D:14     | 21194 ||| DROPPING +0 chain mail "Lehazomea" {rN+}.
 21217 | D:15     | Entered Level 15 of the Dungeon
 21218 | D:15     | 21218 ||| PLANNING GAUNTLET
 21275 | D:15     | 21275 ||| Stepping ~*~*~tactically~*~*~ (hiding).
 21277 | D:15     | 21277 ||| INVOKING Heroism.
 21288 | D:15     | Reached skill level 13 in Shields
 21428 | D:15     | 21428 ||| Stepping ~*~*~tactically~*~*~ (hiding).
 21429 | D:15     | 21429 ||| INVOKING Heroism.
 21456 | D:15     | 21456 ||| DROPPING +0 morningstar.
 21492 | D:15     | 21492 ||| Stepping ~*~*~tactically~*~*~ (hiding).
 21496 | D:15     | 21496 ||| INVOKING Finesse.
 21547 | D:15     | Found a staircase to the Depths.
 21557 | D:15     | 21557 ||| Stepping ~*~*~tactically~*~*~ (hiding).
 21559 | D:15     | 21559 ||| Stepping ~*~*~tactically~*~*~ (hiding).
 21570 | D:15     | 21570 ||| Stepping ~*~*~tactically~*~*~ (stealth).
 21572 | D:15     | 21572 ||| INVOKING Heroism.
 21585 | D:15     | 21585 ||| Stepping ~*~*~tactically~*~*~ (stealth).
 21595 | D:15     | 21595 ||| Stepping ~*~*~tactically~*~*~ (stealth).
 21610 | D:15     | Reached skill level 12 in Armour
 21613 | D:15     | 21613 ||| Stepping ~*~*~tactically~*~*~ (stealth).
 21615 | D:15     | 21615 ||| Stepping ~*~*~tactically~*~*~ (hiding).
 21616 | D:15     | 21616 ||| Stepping ~*~*~tactically~*~*~ (hiding).
 21617 | D:15     | 21617 ||| Stepping ~*~*~tactically~*~*~ (hiding).
 21715 | D:15     | 21715 ||| RIP GAUNTLET
 21723 | D:15     | 21723 ||| PLANNING D
 21769 | D:15     | 21769 ||| Stepping ~*~*~tactically~*~*~ (hiding).
 21772 | D:15     | 21772 ||| INVOKING Heroism.
 21775 | D:15     | 21775 ||| SWAPPING to +1 morningstar of venom.
 21784 | D:15     | 21784 ||| SWAPPING to +4 broad axe.
 21789 | D:15     | Reached XP level 16. HP: 86/101 MP: 23/23
 21966 | D:15     | 21966 ||| Stepping ~*~*~tactically~*~*~ (hiding).
 22119 | D:15     | 22119 ||| INVOKING Heroism.
 22120 | D:15     | Found a shimmering altar of Xom.
 22124 | D:15     | 22124 ||| SWAPPING to +1 morningstar of venom.
 22133 | D:15     | 22133 ||| SWAPPING to +4 broad axe.
 22164 | D:15     | 22164 ||| INVOKING Heroism.
 22232 | D:15     | 22232 ||| INVOKING Heroism.
 22244 | D:15     | Identified the +4 scale mail "Qiddyokk" {Int+5 Stlth+}
                  | (Okawaru gifted it to you on level 15 of the Dungeon)
 22244 | D:15     | Received a gift from Okawaru
 22318 | D:15     | 22318 ||| INVOKING Heroism.
 22319 | D:15     | 22319 ||| INVOKING Finesse.
 22320 | D:15     | 22320 ||| SWAPPING to +1 morningstar of venom.
 22327 | D:15     | 22327 ||| SWAPPING to +4 broad axe.
 22436 | D:15     | 22436 ||| READING scroll of brand weapon.
 22436 | D:15     | 22436 ||| BRANDING +4 broad axe.
 22513 | D:15     | 22513 ||| PLANNING ORC
 22513 | D:15     | 22513 ||| UPGRADING to +1 kite shield of protection.
 22523 | D:15     | 22523 ||| DROPPING +0 kite shield.
 22524 | D:15     | 22524 ||| DROPPING scarf of shadows.
 22651 | Orc:1    | Entered Level 1 of the Orcish Mines
 22654 | Orc:1    | 22654 ||| STAIRDANCE
 22671 | Orc:1    | 22671 ||| STAIRDANCE
 22692 | Orc:1    | 22692 ||| INVOKING Heroism.
 22716 | Orc:1    | Found a dark tunnel.
 22849 | Orc:2    | Entered Level 2 of the Orcish Mines
 22876 | Orc:2    | 22876 ||| Stepping ~*~*~tactically~*~*~ (hiding).
 22887 | Orc:2    | 22887 ||| Stepping ~*~*~tactically~*~*~ (hiding).
 22890 | Orc:2    | 22890 ||| Stepping ~*~*~tactically~*~*~ (hiding).
 22891 | Orc:2    | 22891 ||| Stepping ~*~*~tactically~*~*~ (hiding).
 23106 | Orc:2    | 23106 ||| Stepping ~*~*~tactically~*~*~ (stealth).
 23107 | Orc:2    | 23107 ||| Stepping ~*~*~tactically~*~*~ (stealth).
 23109 | Orc:2    | 23109 ||| Stepping ~*~*~tactically~*~*~ (hiding).
 23146 | Orc:2    | Found a staircase to the Elven Halls.
 23153 | Orc:1    | 23153 ||| INVOKING Heroism.
 23320 | Orc:1    | 23320 ||| INVOKING Heroism.
 23323 | Orc:1    | Paralysed by an orc sorcerer for 4 turns
 23486 | Orc:2    | 23486 ||| INVOKING Heroism.
 23514 | Orc:2    | 23514 ||| Stepping ~*~*~tactically~*~*~ (hiding).
 23515 | Orc:2    | 23515 ||| Stepping ~*~*~tactically~*~*~ (hiding).
 23521 | Orc:2    | 23521 ||| Stepping ~*~*~tactically~*~*~ (hiding).
 23533 | Orc:2    | 23533 ||| INVOKING Heroism.
 23550 | Orc:2    | 23550 ||| INVOKING Heroism.
 23565 | Orc:2    | 23565 ||| Stepping ~*~*~tactically~*~*~ (hiding).
 23573 | Orc:2    | 23573 ||| Stepping ~*~*~tactically~*~*~ (hiding).
 23591 | Orc:2    | 23591 ||| Stepping ~*~*~tactically~*~*~ (hiding).
 23621 | Orc:2    | 23621 ||| INVOKING Heroism.
 23653 | Orc:2    | 23653 ||| Stepping ~*~*~tactically~*~*~ (stealth).
 23659 | Orc:2    | 23659 ||| Stepping ~*~*~tactically~*~*~ (stealth).
 23661 | Orc:2    | 23661 ||| Stepping ~*~*~tactically~*~*~ (hiding).
 23662 | Orc:2    | 23662 ||| Stepping ~*~*~tactically~*~*~ (hiding).
 23664 | Orc:2    | 23664 ||| Stepping ~*~*~tactically~*~*~ (hiding).
 23666 | Orc:2    | 23666 ||| Stepping ~*~*~tactically~*~*~ (hiding).
 23698 | Orc:2    | 23698 ||| INVOKING Heroism.
 23762 | Orc:2    | 23762 ||| Stepping ~*~*~tactically~*~*~ (stealth).
 23763 | Orc:2    | 23763 ||| Stepping ~*~*~tactically~*~*~ (stealth).
 23768 | Orc:2    | 23768 ||| INVOKING Heroism.
 23817 | Orc:2    | 23817 ||| INVOKING Heroism.
 23818 | Orc:2    | 23818 ||| Stepping ~*~*~tactically~*~*~ (hiding).
 23819 | Orc:2    | 23819 ||| Stepping ~*~*~tactically~*~*~ (hiding).
 23820 | Orc:2    | 23820 ||| Stepping ~*~*~tactically~*~*~ (hiding).
 23981 | Orc:2    | Found Nidoso's Antique Armour Boutique.
 23999 | Orc:2    | 23999 ||| BUYING pair of embroidered gloves (172 gold).
 23999 | Orc:2    | Bought a pair of embroidered gloves for 172 gold pieces
 23999 | Orc:2    | 23999 ||| BUYING runed plate armour (598 gold).
 23999 | Orc:2    | Bought a runed plate armour for 598 gold pieces
 24003 | Orc:2    | Found Nahaquosch's Magic Scroll Shoppe.
 24018 | Orc:2    | 24018 ||| BUYING scroll of enchant weapon (105 gold).
 24018 | Orc:2    | Bought a scroll of enchant weapon for 105 gold pieces
 24018 | Orc:2    | 24018 ||| READING scroll of enchant weapon.
 24018 | Orc:2    | 24018 ||| ENCHANTING +4 broad axe of freezing.
 24191 | Orc:2    | 24191 ||| INVOKING Heroism.
 24273 | Orc:2    | Found Uzuushru's Armour Shoppe.
 24273 | Orc:2    | Found Ochaet's Distillery.
 24287 | Orc:2    | 24287 ||| BUYING potion of curing (39 gold).
 24287 | Orc:2    | Bought a potion of curing for 39 gold pieces
 24287 | Orc:2    | 24287 ||| BUYING potion of curing (39 gold).
 24287 | Orc:2    | Bought a potion of curing for 39 gold pieces
 24287 | Orc:2    | 24287 ||| BUYING potion of haste (130 gold).
 24287 | Orc:2    | Bought a potion of haste for 130 gold pieces
 24287 | Orc:2    | 24287 ||| BUYING potion of haste (130 gold).
 24287 | Orc:2    | Bought a potion of haste for 130 gold pieces
 24287 | Orc:2    | 24287 ||| BUYING potion of heal wounds (65 gold).
 24287 | Orc:2    | Bought a potion of heal wounds for 65 gold pieces
 24287 | Orc:2    | 24287 ||| BUYING potion of resistance (130 gold).
 24287 | Orc:2    | Bought a potion of resistance for 130 gold pieces
 24338 | Orc:2    | 24338 ||| PLANNING SHOALS:1-3
 24338 | Orc:2    | 24338 ||| UPGRADING to +0 pair of gloves of infusion.
 24343 | Orc:2    | 24343 ||| DROPPING +3 plate armour of poison resistance.
 24353 | Orc:2    | 24353 ||| FLEEEEING.
 24354 | Orc:2    | 24354 ||| Stepping ~*~*~tactically~*~*~ (hiding).
 24356 | Orc:2    | 24356 ||| Stepping ~*~*~tactically~*~*~ (hiding).
 24500 | Shoals:1 | Entered Level 1 of the Shoals
 24606 | Shoals:1 | 24606 ||| Stepping ~*~*~tactically~*~*~ (stealth).
 24612 | Shoals:1 | 24612 ||| Stepping ~*~*~tactically~*~*~ (stealth).
 24613 | Shoals:1 | 24613 ||| Stepping ~*~*~tactically~*~*~ (stealth).
 24637 | Shoals:1 | 24637 ||| READING scroll of enchant armour.
 24637 | Shoals:1 | 24637 ||| ENCHANTING +0 pair of gloves of infusion.
 24705 | Shoals:1 | 24705 ||| INVOKING Heroism.
 25033 | Shoals:1 | 25033 ||| INVOKING Heroism.
 25126 | Shoals:1 | 25126 ||| Stepping ~*~*~tactically~*~*~ (hiding).
 25247 | Shoals:1 | Noticed Donald
 25248 | Shoals:1 | 25248 ||| INVOKING Heroism.
 25267 | Shoals:1 | HP: 20/104 [Donald/+2 demon trident of electrocution (32)]
 25268 | Shoals:1 | 25268 ||| READING 13 scrolls of teleportation.
 25269 | Shoals:1 | 25269 ||| DRINKING 2 potions of heal wounds.
 25272 | Shoals:1 | Killed Donald
 25644 | Shoals:2 | 25644 ||| INVOKING Heroism.
 25887 | Shoals:2 | 25887 ||| Stepping ~*~*~tactically~*~*~ (hiding).
 25892 | Shoals:2 | 25892 ||| INVOKING Heroism.
 26001 | Shoals:2 | 26001 ||| INVOKING Heroism.
 26031 | Shoals:2 | Reached XP level 17. HP: 108/108 MP: 15/24
 26085 | Shoals:2 | Identified the +1 robe "Nigyam" {*Corrode Str+5 Slay+3}
 26119 | Shoals:2 | 26119 ||| INVOKING Heroism.
 26141 | Shoals:2 | Reached skill level 18 in Axes
 26259 | Shoals:2 | Identified the +4 ring mail "Ozinyoz" {rN+ Int-4 Dex+4
                  | Slay+2}
 26816 | Shoals:2 | 26816 ||| DROPPING +2 hat.
 26817 | Shoals:2 | 26817 ||| DROPPING +4 ring of slaying {mikee}.
 27134 | Shoals:3 | Noticed Bai Suzhen
 27135 | Shoals:3 | 27135 ||| INVOKING Heroism.
 27151 | Shoals:3 | Killed Bai Suzhen
 27151 | Shoals:3 | Received a gift from Okawaru
 27152 | Shoals:3 | 27152 ||| Stepping ~*~*~tactically~*~*~ (cloud).
 27233 | Shoals:3 | 27233 ||| READING scroll of enchant armour.
 27233 | Shoals:3 | 27233 ||| ENCHANTING +1 pair of gloves of infusion.
 27282 | Shoals:3 | Identified the +3 broad axe "Rummage" {drain, Drain +Blink
                  | rN+ Will+ Dex+6}
 27284 | Shoals:3 | 27284 ||| SWAPPING to +3 broad axe "Rummage" {drain, Drain
                  | +Blink rN+ Will+ Dex+6}.
 27304 | Shoals:3 | Noticed a kraken
 27305 | Shoals:3 | 27305 ||| DROPPING +6 ring of intelligence.
 27318 | Shoals:3 | Killed a kraken
 27686 | Shoals:3 | Identified the +2 chain mail of the Lute {rPois rC+ Dex+4}
 27756 | Shoals:3 | 27756 ||| PLANNING SPIDER:1-3
 27756 | Shoals:3 | 27756 ||| DROPPING +2 chain mail of cold resistance.
 27757 | Shoals:3 | 27757 ||| DROPPING +2 hat.
 27891 | Spider:1 | Entered Level 1 of the Spider Nest
 27903 | Spider:1 | 27903 ||| Stepping ~*~*~tactically~*~*~ (stealth).
 27904 | Spider:1 | 27904 ||| FLEEEEING.
 27905 | Spider:1 | 27905 ||| STAIRDANCE
 28004 | Spider:1 | 28004 ||| STAIRDANCE
 28006 | Lair:2   | 28006 ||| INVOKING Heroism.
 28014 | Lair:2   | Received a gift from Okawaru
 28180 | Spider:1 | 28180 ||| INVOKING Heroism.
 28265 | Spider:1 | 28265 ||| INVOKING Heroism.
 28285 | Spider:1 | Received a gift from Okawaru
 28286 | Spider:1 | Reached skill level 6 in Dodging
 28335 | Spider:1 | 28335 ||| Stepping ~*~*~tactically~*~*~ (stealth).
 28336 | Spider:1 | 28336 ||| Stepping ~*~*~tactically~*~*~ (stealth).
 28446 | Spider:1 | 28446 ||| INVOKING Heroism.
 28778 | Spider:1 | Received a gift from Okawaru
 28943 | Spider:1 | 28943 ||| Stepping ~*~*~tactically~*~*~ (stealth).
 29431 | Spider:1 | Reached skill level 14 in Shields
 29695 | Spider:1 | 29695 ||| DROPPING amulet of reflection.
 29738 | Spider:2 | 29738 ||| STAIRDANCE
 29882 | Spider:2 | 29882 ||| STAIRDANCE
 29886 | Spider:1 | Received a gift from Okawaru
 30318 | Spider:2 | Identified the +1 short sword "Qauho" {flame, rCorr Dex+3
                  | Stlth+}
 30325 | Spider:2 | 30325 ||| Stepping ~*~*~tactically~*~*~ (stealth).
 30345 | Spider:2 | 30345 ||| Stepping ~*~*~tactically~*~*~ (stealth).
 30387 | Spider:2 | 30387 ||| INVOKING Heroism.
 30388 | Spider:2 | 30388 ||| INVOKING Finesse.
 30389 | Spider:2 | 30389 ||| Stepping ~*~*~tactically~*~*~ (hiding).
 30390 | Spider:2 | 30390 ||| Stepping ~*~*~tactically~*~*~ (hiding).
 30487 | Spider:2 | 30487 ||| Stepping ~*~*~tactically~*~*~ (stealth).
 30488 | Spider:2 | 30488 ||| Stepping ~*~*~tactically~*~*~ (stealth).
 30490 | Spider:2 | 30490 ||| Stepping ~*~*~tactically~*~*~ (hiding).
 30636 | Spider:2 | 30636 ||| Stepping ~*~*~tactically~*~*~ (stealth).
 30775 | Spider:3 | Received a gift from Okawaru
 30828 | Spider:3 | 30828 ||| Stepping ~*~*~tactically~*~*~ (stealth).
 30908 | Spider:3 | 30908 ||| Stepping ~*~*~tactically~*~*~ (stealth).
 30956 | Spider:3 | 30956 ||| INVOKING Heroism.
 31049 | Spider:3 | 31049 ||| Stepping ~*~*~tactically~*~*~ (hiding).
 31050 | Spider:3 | 31050 ||| Stepping ~*~*~tactically~*~*~ (hiding).
 31098 | Spider:3 | 31098 ||| Stepping ~*~*~tactically~*~*~ (stealth).
 31099 | Spider:3 | 31099 ||| Stepping ~*~*~tactically~*~*~ (stealth).
 31109 | Spider:3 | 31109 ||| Stepping ~*~*~tactically~*~*~ (stealth).
 31110 | Spider:3 | 31110 ||| Stepping ~*~*~tactically~*~*~ (stealth).
 31113 | Spider:3 | 31113 ||| Stepping ~*~*~tactically~*~*~ (stealth).
 31117 | Spider:3 | 31117 ||| Stepping ~*~*~tactically~*~*~ (stealth).
 31127 | Spider:3 | 31127 ||| Stepping ~*~*~tactically~*~*~ (stealth).
 31161 | Spider:3 | 31161 ||| INVOKING Heroism.
 31189 | Spider:3 | Reached XP level 18. HP: 116/116 MP: 0/25
 31222 | Spider:3 | 31222 ||| INVOKING Heroism.
 31310 | Spider:3 | 31310 ||| DROPPING +1 morningstar of venom.
 31448 | Spider:3 | 31448 ||| Stepping ~*~*~tactically~*~*~ (stealth).
 31452 | Spider:3 | 31452 ||| INVOKING Finesse.
 31467 | Spider:3 | 31467 ||| Stepping ~*~*~tactically~*~*~ (stealth).
 31469 | Spider:3 | 31469 ||| Stepping ~*~*~tactically~*~*~ (stealth).
 31471 | Spider:3 | 31471 ||| Stepping ~*~*~tactically~*~*~ (stealth).
 31473 | Spider:3 | 31473 ||| Stepping ~*~*~tactically~*~*~ (stealth).
 31474 | Spider:3 | 31474 ||| Stepping ~*~*~tactically~*~*~ (stealth).
 31478 | Spider:3 | Received a gift from Okawaru
 31517 | Spider:3 | 31517 ||| Stepping ~*~*~tactically~*~*~ (stealth).
 31520 | Spider:3 | 31520 ||| Stepping ~*~*~tactically~*~*~ (stealth).
 31696 | Spider:3 | Reached skill level 15 in Fighting
 31768 | Spider:3 | 31768 ||| PLANNING SHOALS:4
 31932 | Shoals:4 | Entered Level 4 of the Shoals
 32033 | Shoals:4 | Received a gift from Okawaru
 32170 | Shoals:4 | 32170 ||| INVOKING Heroism.
 32191 | Shoals:4 | Received a gift from Okawaru
 32239 | Shoals:4 | Reached skill level 15 in Armour
 32377 | Shoals:4 | Got a barnacled rune of Zot
 32380 | Shoals:4 | 32380 ||| READING scroll of enchant armour.
 32380 | Shoals:4 | 32380 ||| ENCHANTING +3 plate armour.
 32436 | Shoals:4 | 32436 ||| Stepping ~*~*~tactically~*~*~ (hiding).
 32437 | Shoals:4 | 32437 ||| Stepping ~*~*~tactically~*~*~ (hiding).
 32607 | Shoals:4 | 32607 ||| Stepping ~*~*~tactically~*~*~ (hiding).
 32610 | Shoals:4 | 32610 ||| INVOKING Heroism.
 32704 | Shoals:4 | Identified the ring of Wowiolou {Ice Int+2}
 32710 | Shoals:4 | 32710 ||| Stepping ~*~*~tactically~*~*~ (hiding).
 32714 | Shoals:4 | 32714 ||| Stepping ~*~*~tactically~*~*~ (hiding).
 32881 | Shoals:4 | Noticed Polyphemus
 32882 | Shoals:4 | 32882 ||| INVOKING Heroism.
 32903 | Shoals:4 | Killed Polyphemus
 33136 | Shoals:4 | Identified the staff of conjuration "Xijiunt" {+Blink rElec
                  | SInv Stlth-}
 33170 | Shoals:4 | 33170 ||| INVOKING Heroism.
 33439 | Shoals:4 | 33439 ||| Stepping ~*~*~tactically~*~*~ (hiding).
 33440 | Shoals:4 | 33440 ||| Stepping ~*~*~tactically~*~*~ (hiding).
 33441 | Shoals:4 | 33441 ||| Stepping ~*~*~tactically~*~*~ (hiding).
 33442 | Shoals:4 | 33442 ||| Stepping ~*~*~tactically~*~*~ (hiding).
 33454 | Shoals:4 | 33454 ||| INVOKING Heroism.
 33470 | Shoals:4 | Identified the +4 battleaxe "Jaasmuz" {drain, Int+2}
 33478 | Shoals:4 | 33478 ||| INVOKING Heroism.
 33832 | Shoals:4 | Received a gift from Okawaru
 34166 | Shoals:4 | 34166 ||| PLANNING VAULTS:1-4
 34166 | Shoals:4 | 34166 ||| DROPPING +1 helmet.
 34394 | Vaults:1 | Entered Level 1 of the Vaults
 34508 | Vaults:1 | 34508 ||| INVOKING Heroism.
 34509 | Vaults:1 | 34509 ||| INVOKING Finesse.
 34519 | Vaults:1 | Reached skill level 9 in Throwing
 34527 | Vaults:1 | Reached skill level 15 in Shields
 34567 | Vaults:1 | Received a gift from Okawaru
 34773 | Vaults:1 | 34773 ||| Stepping ~*~*~tactically~*~*~ (hiding).
 34783 | Vaults:1 | 34783 ||| INVOKING Heroism.
 34788 | Vaults:1 | 34788 ||| INVOKING Finesse.
 34811 | Vaults:1 | Reached XP level 19. HP: 85/125 MP: 0/26
 35067 | Vaults:1 | 35067 ||| INVOKING Heroism.
 35415 | Vaults:1 | Received a gift from Okawaru
 35551 | Vaults:1 | Found Ziak's Armour Emporium.
 35552 | Vaults:1 | 35552 ||| Stepping ~*~*~tactically~*~*~ (hiding).
 35771 | Vaults:1 | Paralysed by a great orb of eyes for 3 turns
 35774 | Vaults:1 | 35774 ||| Stepping ~*~*~tactically~*~*~ (hiding).
 35776 | Vaults:1 | 35776 ||| Stepping ~*~*~tactically~*~*~ (hiding).
 35777 | Vaults:1 | 35777 ||| FLEEEEING.
 35778 | Vaults:1 | 35778 ||| Stepping ~*~*~tactically~*~*~ (hiding).
 35779 | Vaults:1 | 35779 ||| Stepping ~*~*~tactically~*~*~ (hiding).
 35781 | Vaults:1 | 35781 ||| Stepping ~*~*~tactically~*~*~ (hiding).
 35783 | Vaults:1 | 35783 ||| Stepping ~*~*~tactically~*~*~ (hiding).
 35898 | Vaults:1 | Found a transporter.
 35898 | Vaults:1 | Noticed qw's ghost (adept GrFi)
 35908 | Vaults:1 | Found a transporter.
 36080 | Vaults:1 | 36080 ||| Stepping ~*~*~tactically~*~*~ (stealth).
 36082 | Vaults:1 | 36082 ||| Stepping ~*~*~tactically~*~*~ (hiding).
 36083 | Vaults:1 | 36083 ||| Stepping ~*~*~tactically~*~*~ (hiding).
 36090 | Vaults:1 | 36090 ||| Stepping ~*~*~tactically~*~*~ (hiding).
 36091 | Vaults:1 | 36091 ||| Stepping ~*~*~tactically~*~*~ (hiding).
 36177 | Vaults:1 | 36177 ||| Stepping ~*~*~tactically~*~*~ (hiding).
 36182 | Vaults:1 | 36182 ||| INVOKING Heroism.
 36183 | Vaults:1 | 36183 ||| INVOKING Finesse.
 36488 | Vaults:1 | 36488 ||| UPGRADING to +0 tower shield.
 36498 | Vaults:1 | 36498 ||| DROPPING +1 kite shield of protection.
 36499 | Vaults:1 | 36499 ||| DROPPING +2 chain mail of the Lute {rPois rC+
                  | Dex+4}.
 36554 | Vaults:2 | 36554 ||| Stepping ~*~*~tactically~*~*~ (hiding).
 36582 | Vaults:2 | 36582 ||| Stepping ~*~*~tactically~*~*~ (hiding).
 36620 | Vaults:2 | Received a gift from Okawaru
 36919 | Vaults:2 | Received a gift from Okawaru
 36927 | Vaults:2 | Reached skill level 16 in Shields
 37075 | Vaults:2 | 37075 ||| INVOKING Heroism.
 37183 | Vaults:2 | 37183 ||| INVOKING Heroism.
 37184 | Vaults:2 | 37184 ||| Stepping ~*~*~tactically~*~*~ (hiding).
 37187 | Vaults:2 | 37187 ||| INVOKING Finesse.
 37188 | Vaults:2 | 37188 ||| Stepping ~*~*~tactically~*~*~ (hiding).
 37350 | Vaults:2 | Noticed Boris
 37351 | Vaults:2 | 37351 ||| Stepping ~*~*~tactically~*~*~ (stealth).
 37352 | Vaults:2 | 37352 ||| Stepping ~*~*~tactically~*~*~ (stealth).
 37353 | Vaults:2 | 37353 ||| INVOKING Heroism.
 37355 | Vaults:2 | 37355 ||| INVOKING Finesse.
 37383 | Vaults:2 | Killed Boris
 37598 | Vaults:2 | Received a gift from Okawaru
 37612 | Vaults:2 | Reached skill level 17 in Shields
 37622 | Vaults:2 | Received a gift from Okawaru
 37810 | Vaults:2 | Identified the +5 flail of the Radish {freeze, rC+}
 37815 | Vaults:2 | 37815 ||| Stepping ~*~*~tactically~*~*~ (stealth).
 37817 | Vaults:2 | 37817 ||| Stepping ~*~*~tactically~*~*~ (stealth).
 37931 | Vaults:2 | 37931 ||| Stepping ~*~*~tactically~*~*~ (stealth).
 37936 | Vaults:2 | 37936 ||| Stepping ~*~*~tactically~*~*~ (hiding).
 38192 | Vaults:2 | 38192 ||| Stepping ~*~*~tactically~*~*~ (hiding).
 38245 | Vaults:2 | 38245 ||| Stepping ~*~*~tactically~*~*~ (stealth).
 38248 | Vaults:2 | 38248 ||| Stepping ~*~*~tactically~*~*~ (stealth).
 38260 | Vaults:2 | 38260 ||| INVOKING Heroism.
 38278 | Vaults:2 | Reached skill level 18 in Shields
 38459 | Vaults:2 | Reached XP level 20. HP: 132/132 MP: 11/27
 38598 | Vaults:2 | 38598 ||| Stepping ~*~*~tactically~*~*~ (hiding).
 38901 | Vaults:2 | 38901 ||| Stepping ~*~*~tactically~*~*~ (hiding).
 38942 | Vaults:2 | 38942 ||| Stepping ~*~*~tactically~*~*~ (stealth).
 38943 | Vaults:2 | 38943 ||| Stepping ~*~*~tactically~*~*~ (stealth).
 38944 | Vaults:2 | 38944 ||| Stepping ~*~*~tactically~*~*~ (hiding).
 38951 | Vaults:2 | 38951 ||| Stepping ~*~*~tactically~*~*~ (hiding).
 39114 | Vaults:2 | 39114 ||| Stepping ~*~*~tactically~*~*~ (stealth).
 39116 | Vaults:2 | 39116 ||| Stepping ~*~*~tactically~*~*~ (stealth).
 39123 | Vaults:2 | 39123 ||| Stepping ~*~*~tactically~*~*~ (hiding).
 39124 | Vaults:2 | 39124 ||| Stepping ~*~*~tactically~*~*~ (hiding).
 39383 | Vaults:2 | 39383 ||| UPGRADING to +4 plate armour of cold resistance.
 39393 | Vaults:2 | 39393 ||| DROPPING +4 plate armour.
 39394 | Vaults:2 | 39394 ||| DROPPING +0 plate armour of cold resistance.
 39429 | Vaults:3 | 39429 ||| Stepping ~*~*~tactically~*~*~ (stealth).
 39434 | Vaults:3 | Reached skill level 19 in Shields
 39465 | Vaults:3 | Identified the +0 scale mail of Battauri {rC+ Str+4}
                  | (Okawaru gifted it to you on level 3 of the Vaults)
 39465 | Vaults:3 | Received a gift from Okawaru
 40155 | Vaults:3 | 40155 ||| READING scroll of acquirement.
 40155 | Vaults:3 | 40155 ||| ACQUIRING +2 helmet of the Turtle {Will+ Dex+5}
 40155 | Vaults:3 | Acquired the +2 helmet of the Turtle {Will+ Dex+5}
 40157 | Vaults:3 | 40157 ||| DROPPING +2 hat of see invisible.
 40176 | Vaults:3 | 40176 ||| Stepping ~*~*~tactically~*~*~ (hiding).
 40178 | Vaults:3 | 40178 ||| Stepping ~*~*~tactically~*~*~ (hiding).
 40371 | Vaults:3 | 40371 ||| Stepping ~*~*~tactically~*~*~ (stealth).
 40412 | Vaults:3 | 40412 ||| Stepping ~*~*~tactically~*~*~ (stealth).
 40444 | Vaults:3 | 40444 ||| Stepping ~*~*~tactically~*~*~ (hiding).
 40453 | Vaults:3 | 40453 ||| Stepping ~*~*~tactically~*~*~ (hiding).
 40552 | Vaults:3 | Noticed Boris
 40553 | Vaults:3 | 40553 ||| Stepping ~*~*~tactically~*~*~ (hiding).
 40556 | Vaults:3 | 40556 ||| INVOKING Heroism.
 40557 | Vaults:3 | 40557 ||| INVOKING Finesse.
 40572 | Vaults:3 | Killed Boris
 40710 | Vaults:3 | Found a portal to a secret trove of treasure.
 40753 | Vaults:3 | 40753 ||| INVOKING Heroism.
 40774 | Vaults:3 | 40774 ||| Stepping ~*~*~tactically~*~*~ (hiding).
 40778 | Vaults:3 | 40778 ||| INVOKING Heroism.
 40779 | Vaults:3 | 40779 ||| INVOKING Finesse.
 40797 | Vaults:3 | Received a gift from Okawaru
 40799 | Vaults:3 | 40799 ||| UPGRADING to +2 helmet of the Turtle {Will+
                  | Dex+5}.
 40800 | Vaults:3 | 40800 ||| Stepping ~*~*~tactically~*~*~ (hiding).
 40802 | Vaults:3 | Found the +8 storm bow {elec, penet}
 40822 | Vaults:3 | 40822 ||| Stepping ~*~*~tactically~*~*~ (hiding).
 40824 | Vaults:3 | 40824 ||| Stepping ~*~*~tactically~*~*~ (hiding).
 40825 | Vaults:3 | 40825 ||| Stepping ~*~*~tactically~*~*~ (hiding).
 40826 | Vaults:3 | 40826 ||| Stepping ~*~*~tactically~*~*~ (hiding).
 40832 | Vaults:3 | 40832 ||| INVOKING Heroism.
 40833 | Vaults:3 | Noticed Nikola
 40856 | Vaults:3 | Killed Nikola
 40857 | Vaults:3 | 40857 ||| Stepping ~*~*~tactically~*~*~ (hiding).
 40858 | Vaults:3 | 40858 ||| Stepping ~*~*~tactically~*~*~ (hiding).
 40873 | Vaults:3 | 40873 ||| Stepping ~*~*~tactically~*~*~ (hiding).
 40874 | Vaults:3 | 40874 ||| Stepping ~*~*~tactically~*~*~ (hiding).
 40891 | Vaults:3 | HP: 32/134 [ironbound frostheart/creeping frost (11)]
 40892 | Vaults:3 | 40892 ||| READING 16 scrolls of teleportation.
 40893 | Vaults:3 | 40893 ||| DRINKING 3 potions of heal wounds.
 40954 | Vaults:3 | 40954 ||| UPGRADING to +2 helmet of the Turtle {Will+
                  | Dex+5}.
 40964 | Vaults:3 | 40964 ||| DROPPING +2 helmet.
 41048 | Vaults:3 | 41048 ||| INVOKING Heroism.
 41062 | Vaults:3 | Reached XP level 21. HP: 101/139 MP: 0/28
 41359 | Vaults:3 | 41359 ||| Stepping ~*~*~tactically~*~*~ (stealth).
 41361 | Vaults:3 | 41361 ||| Stepping ~*~*~tactically~*~*~ (hiding).
 41464 | Vaults:3 | 41464 ||| Stepping ~*~*~tactically~*~*~ (hiding).
 41561 | Vaults:3 | 41561 ||| DROPPING +0 cloak of preservation.
 41616 | Vaults:3 | 41616 ||| UPGRADING to +1 tower shield of reflection.
 41626 | Vaults:3 | 41626 ||| DROPPING +0 tower shield.
 41652 | Vaults:3 | Identified the staff of earth "Nugulaa" {rElec rF+ Str+3
                  | Stlth+}
 41805 | Vaults:3 | 41805 ||| Stepping ~*~*~tactically~*~*~ (stealth).
 41811 | Vaults:3 | Reached skill level 9 in Dodging
 41822 | Vaults:3 | 41822 ||| Stepping ~*~*~tactically~*~*~ (stealth).
 41972 | Vaults:3 | 41972 ||| Stepping ~*~*~tactically~*~*~ (stealth).
 42259 | Vaults:3 | Found a staircase to the Crypt.
 42492 | Vaults:4 | Noticed Boris
 42493 | Vaults:4 | 42493 ||| INVOKING Heroism.
 42500 | Vaults:4 | Killed Boris
 42501 | Vaults:4 | Reached skill level 18 in Fighting
 42565 | Vaults:4 | 42565 ||| Stepping ~*~*~tactically~*~*~ (hiding).
 42568 | Vaults:4 | 42568 ||| Stepping ~*~*~tactically~*~*~ (hiding).
 42569 | Vaults:4 | 42569 ||| INVOKING Heroism.
 42725 | Vaults:4 | 42725 ||| FLEEEEING.
 42726 | Vaults:4 | 42726 ||| FLEEEEING.
 42727 | Vaults:4 | 42727 ||| FLEEEEING.
 42883 | Vaults:4 | 42883 ||| Stepping ~*~*~tactically~*~*~ (stealth).
 43024 | Vaults:4 | 43024 ||| Stepping ~*~*~tactically~*~*~ (hiding).
 43025 | Vaults:4 | 43025 ||| Stepping ~*~*~tactically~*~*~ (hiding).
 43026 | Vaults:4 | 43026 ||| Stepping ~*~*~tactically~*~*~ (hiding).
 43027 | Vaults:4 | 43027 ||| Stepping ~*~*~tactically~*~*~ (hiding).
 43163 | Vaults:4 | 43163 ||| Stepping ~*~*~tactically~*~*~ (stealth).
 43402 | Vaults:4 | Found a gateway to a bazaar.
 43403 | Vaults:4 | 43403 ||| PLANNING BAZAAR
 43410 | Bazaar   | Entered a bazaar
 43410 | Bazaar   | Found Buempiud's Assorted Antiques.
 43410 | Bazaar   | Found Lidut's Jewellery Emporium.
 43429 | Bazaar   | 43429 ||| BUYING +5 ring of evasion (396 gold).
 43429 | Bazaar   | Bought a +5 ring of evasion for 396 gold pieces
 43429 | Bazaar   | 43429 ||| BUYING ring of fire (275 gold).
 43429 | Bazaar   | Bought a ring of fire for 275 gold pieces
 43429 | Bazaar   | 43429 ||| BUYING ring of fire (275 gold).
 43429 | Bazaar   | Bought a ring of fire for 275 gold pieces
 43438 | Bazaar   | Found Heotsuu's Assorted Antiques.
 43447 | Bazaar   | 43447 ||| BUYING potion of attraction (60 gold).
 43447 | Bazaar   | Bought a potion of attraction for 60 gold pieces
 43447 | Bazaar   | 43447 ||| BUYING potion of haste (200 gold).
 43447 | Bazaar   | Bought a potion of haste for 200 gold pieces
 43477 | Bazaar   | Found Lemuag's Distillery.
 43486 | Bazaar   | 43486 ||| BUYING 2 potions of lignification (36 gold).
 43486 | Bazaar   | Bought 2 potions of lignification for 36 gold pieces
 43486 | Bazaar   | 43486 ||| BUYING potion of haste (60 gold).
 43486 | Bazaar   | Bought a potion of haste for 60 gold pieces
 43486 | Bazaar   | 43486 ||| BUYING potion of lignification (18 gold).
 43486 | Bazaar   | Bought a potion of lignification for 18 gold pieces
 43486 | Bazaar   | 43486 ||| BUYING potion of mutation (48 gold).
 43486 | Bazaar   | Bought a potion of mutation for 48 gold pieces
 43516 | Vaults:4 | 43516 ||| PLANNING VAULTS:1-4
 43537 | Vaults:4 | Received a gift from Okawaru
 43538 | Vaults:4 | 43538 ||| Stepping ~*~*~tactically~*~*~ (hiding).
 43540 | Vaults:4 | 43540 ||| Stepping ~*~*~tactically~*~*~ (hiding).
 43770 | Vaults:4 | 43770 ||| Stepping ~*~*~tactically~*~*~ (hiding).
 43772 | Vaults:4 | 43772 ||| Stepping ~*~*~tactically~*~*~ (hiding).
 43841 | Vaults:4 | 43841 ||| Stepping ~*~*~tactically~*~*~ (stealth).
 43842 | Vaults:4 | 43842 ||| Stepping ~*~*~tactically~*~*~ (stealth).
 43982 | Vaults:4 | 43982 ||| Stepping ~*~*~tactically~*~*~ (hiding).
 43984 | Vaults:4 | 43984 ||| Stepping ~*~*~tactically~*~*~ (hiding).
 44139 | Vaults:4 | 44139 ||| PLANNING SPIDER:4
 44421 | Spider:4 | Entered Level 4 of the Spider Nest
 44573 | Spider:4 | 44573 ||| Stepping ~*~*~tactically~*~*~ (stealth).
 44574 | Spider:4 | 44574 ||| Stepping ~*~*~tactically~*~*~ (stealth).
 44810 | Spider:4 | Found a transporter.
 44815 | Spider:4 | Noticed qw's ghost (adept GrFi)
 44848 | Spider:4 | Found a transporter.
 45046 | Spider:4 | 45046 ||| Stepping ~*~*~tactically~*~*~ (hiding).
 45053 | Spider:4 | Received a gift from Okawaru
 45099 | Spider:4 | Received a gift from Okawaru
 45114 | Spider:4 | Reached skill level 18 in Armour
 45150 | Spider:4 | 45150 ||| Stepping ~*~*~tactically~*~*~ (stealth).
 45322 | Spider:4 | 45322 ||| INVOKING Heroism.
 45337 | Spider:4 | HP: 33/141 [tarantella[a broodmother] (8)]
 45338 | Spider:4 | 45338 ||| READING 16 scrolls of teleportation.
 45338 | Spider:4 | HP: 5/141 [broodmother (29)]
 45338 | Spider:4 | Slain by a broodmother

Levels and vault maps discovered:
D:1:      spicycebolla_arrival_transporter_tutorial, layout_basic,
          minmay_misc_feat_diagonals
D:2:      layout_loops_ring, hellmonk_ecumenical_altar_crossroads
D:3:      minmay_evil_eye, layout_basic, nicolae_overflow_squiral, uniq_natasha
D:4:      layout_cave_pods, nicolae_shop_firing_range
D:5:      layout_loops_corners, zin_statuary, fedhas_altar_decomposition,
          kennysheep_vampire_church, uniq_edmund
D:6:      layout_basic, makhleb_heckhound_becter, temple_fountains
D:7:      layout_basic, chequers_serial_rivers_micro_d
D:8:      layout_layer_cave, enter_ossuary_1, grunt_ogre_cave, uniq_gastronok
D:9:      layout_irregular_city, lemuel_tele_altar, elyvilon_altar_5,
          lemuel_crystal_altar
D:10:     layout_cave_pools, mainiacjoe_overflow_alcove_1, orc_david_3,
          nicolae_transporter_intersection
D:11:     layout_loops_ring, due_lair_maze_entry_diamond, uniq_erica, uniq_snorg
D:12:     layout_basic, uniq_urug
D:13:     layout_long_grid, dreamdust_wishing_well, uniq_erolcha, uniq_rupert
D:14:     lemuel_troll_bridge, layout_irregular_city, david_vaults_1,
          minmay_fractal_squares_diagonal_5
D:15:     hangedman_depths_entry_civil_slaughter, layout_basic,
          gauntlet_entry_generic, nicolae_eternal_life, xom_confusion_cloud
Temple:   minmay_temple_forest_path
Lair:1:   layout_hall_layers, portal_ice_cave_entry_imps, beast_lair_carwin_11
Lair:2:   layout_cave_pods, dummy_spider_entry, grunt_megastairs_4,
          serial_bayou_shore_a, uniq_fannar
Lair:3:   layout_chaotic_city, minmay_shoals_entry_hut, nzn_random_ring
Lair:4:   layout_cave_pods, slime_entry_1, beast_lair_carwin_10
Lair:5:   grunt_lair_end_beastmaster, layout_misc_corridors, minivault_19,
          kennysheep_abandoned_house, lemuel_fruit_fields, uniq_kirke
Shoals:1: layout_shoals, nicolae_shoals_siren_and_animal_friends, uniq_donald
Shoals:2: layout_shoals, nicolae_splish_splash
Shoals:3: layout_shoals, uniq_bai_suzhen
Shoals:4: shoals_end_simple, layout_shoals, uniq_polyphemus
Spider:1: nicolae_spider_hall_of_the_moth_king, drop_trap,
          nicolae_spider_nooks_and_crannies
Spider:2: layout_spider_delve
Spider:3: layout_spider_delve
Spider:4: guppyfry_spider_rune, gammafunk_ghost_berserking_beasts,
          nicolae_orb_island
Orc:1:    layout_caves, enter_volcano_1, special_room [special_room_bee]
Orc:2:    st_orc_town, layout_caves
Vaults:1: gammafunk_ghost_arena, ontoclasm_vaults_chip, nicolae_vaults_mitosis,
          vaults_room_fancy_cross, nicolae_vaults_closet_pinwheel_6,
          v_alt_pattern_4, v_pattern_1, ontoclasm_vaults_gateway,
          nicolae_vaults_trapezoid_2, nicolae_vaults_taking_the_gang_shopping,
          v_misc_17, layout_vaults_big_room
Vaults:2: nicolae_vaults_apartment_1, nicolae_vaults_sightless_eye, v_rooms_2,
          nicolae_vaults_six-pack, v_misc_25, nicolae_vaults_gold_heap,
          hangedman_vaults_pinch, vaults_mumra_minichess,
          nicolae_vaults_frosty_reception, nicolae_vaults_tangram_1,
          layout_vaults_omnibox, uniq_boris
Vaults:3: v_pattern_3, nicolae_vaults_rhombus_6, hangedman_vaults_stitches,
          vaults_dpeg_hooks, nicolae_vaults_diamond_2,
          hangedman_vaults_river_flow, nicolae_vaults_network_quinsquares
          [nicolae_vaults_network_quincunx_subvault,
          nicolae_vaults_network_quincunx_subvault,
          nicolae_vaults_network_quincunx_subvault,
          nicolae_vaults_network_quincunx_subvault], grunt_vaults_hallway_short,
          nicolae_vaults_doubleplus_tesselated, v_misc_13,
          minmay_guarded_unrand_secular_launcher,
          nicolae_vaults_mini_display_case, ontoclasm_vaults_decontamination,
          vaults_dpeg_ring, nicolae_vaults_two_Ls,
          minmay_crypt_entry_simple_box, layout_vaults_omnicross,
          nicolae_trove_entry_isolated, uniq_nikola
Vaults:4: nicolae_vaults_trapezoid_lopsided_3, hangedman_vaults_corner,
          nicolae_vaults_tetromino_L_2, nicolae_vaults_variable_pillar_hall,
          nicolae_vaults_more_shelving_2, dpeg_vaults_monster_box,
          nicolae_vaults_trapezoid_lopsided_3, nicolae_vaults_trapezoid_2,
          nicolae_vaults_diagonal_hallway_7, layout_vaults_omnigrid,
          serial_shops, bzr_entry_gold

Skill      XL: |  1  2  3  4  5  6  7  8  9 10 11 12 13 14 15 16 17 18 19 20 21 |
---------------+----------------------------------------------------------------+-----
Axes           | 2 3 4 5 6 7 8 9 10 11 12 13 15 16 17 18 | 18.0
Fighting       | 4 5 6 7 8 9 10 11 12 13 14 16 17 18 | 18.0
Dodging        | 1 2 3 4 6 7 8 10 | 10.0
Armour         | 4 6 7 9 10 12 13 14 15 16 17 18 | 18.0
Throwing       | 1 5 6 7 8 9 10 | 10.0
Shields        | 4 8 9 10 11 12 13 14 15 18 19 | 19.9
Invocations    | 5 9 10 | 10.0

Action                     |  1- 3 |  4- 6 |  7- 9 | 10-12 | 13-15 | 16-18 | 19-21 || total
---------------------------+-------+-------+-------+-------+-------+-------+-------++-------
  Melee: War axe           |    89 |   158 |   144 |       |       |       |       ||   391
         Broad axe         |       |       |   107 |   667 |   996 |  1513 |  1390 ||  4673
         Flail             |       |       |       |       |    47 |       |       ||    47
         Morningstar       |       |       |       |       |    43 |    14 |       ||    57
  Throw: Javelin           |       |     2 |       |       |   116 |   153 |   106 ||   377
         Boomerang         |       |       |    14 |   131 |       |     2 |       ||   147
 Invoke: Heroism           |       |       |     5 |    19 |    28 |    39 |    14 ||   105
         Finesse           |       |       |       |       |     8 |     5 |     5 ||    18
    Use: Scroll            |     4 |     2 |    12 |    16 |     9 |     6 |     3 ||    52
         Potion            |       |     4 |       |     2 |     2 |     1 |     1 ||    10
   Stab: Paralysed         |       |       |       |       |     2 |       |       ||     2
         Distracted        |       |       |       |       |       |       |     1 ||     1
 Armour: Scale mail        |    31 |    95 |    55 |       |       |       |       ||   181
         Chain mail        |       |       |    80 |       |       |       |       ||    80
         Plate armour      |       |       |    26 |   380 |   578 |   731 |   452 ||  2167
  Dodge: Dodged            |    30 |    96 |   176 |   369 |   485 |   765 |   474 ||  2395
  Block: Buckler           |    14 |    29 |    46 |    35 |       |       |       ||   124
         Kite shield       |       |       |       |   338 |   668 |  1088 |    70 ||  2164
         Tower shield      |       |       |       |       |       |       |  1110 ||  1110
         Reflection        |       |       |       |       |       |       |     9 ||     9

Table legend:
 A = Non-vault XP
 B = Vault XP
 C = Vault XP percentage of total XP
 D = Non-vault monster count
 E = Vault monster count
 F = Vault count percentage of total count
                 A         B        C        D         E       F
            +---------+---------+-------+---------+---------+-------
      Total |  352879 |  219822 |  38.4 |     971 |     484 |  33.3
            +---------+---------+-------+---------+---------+-------
        D:1 |      51 |       0 |   0.0 |      22 |       0 |   0.0
        D:2 |      32 |       0 |   0.0 |      13 |       0 |   0.0
        D:3 |     197 |     164 |  45.4 |      22 |       7 |  24.1
        D:4 |     385 |       0 |   0.0 |      26 |       0 |   0.0
        D:5 |     312 |     653 |  67.7 |      22 |      13 |  37.1
        D:6 |     319 |      40 |  11.1 |      13 |       1 |   7.1
        D:7 |     978 |       0 |   0.0 |      33 |       0 |   0.0
        D:8 |     853 |    1359 |  61.4 |      19 |       2 |   9.5
        D:9 |    2357 |       0 |   0.0 |      29 |       0 |   0.0
       D:10 |    2303 |     265 |  10.3 |      20 |       9 |  31.0
       D:11 |    5223 |    4304 |  45.2 |      22 |      14 |  38.9
       D:12 |    6819 |     778 |  10.2 |      39 |       1 |   2.5
       D:13 |    8787 |    2761 |  23.9 |      15 |       2 |  11.8
       D:14 |   18876 |    8866 |  32.0 |      42 |      19 |  31.1
       D:15 |   15924 |    6159 |  27.9 |      29 |      10 |  25.6
     Lair:1 |    5007 |     503 |   9.1 |      22 |      15 |  40.5
     Lair:2 |    7811 |    1944 |  19.9 |      23 |       8 |  25.8
     Lair:3 |    4158 |    4736 |  53.2 |      15 |      12 |  44.4
     Lair:4 |    7091 |    2525 |  26.3 |      18 |       9 |  33.3
     Lair:5 |   10939 |    9676 |  46.9 |      22 |      34 |  60.7
   Shoals:1 |   11997 |    4504 |  27.3 |      25 |      10 |  28.6
   Shoals:2 |    7576 |    3808 |  33.5 |      17 |       6 |  26.1
   Shoals:3 |    4829 |    3116 |  39.2 |       8 |       1 |  11.1
   Shoals:4 |   12792 |   27746 |  68.4 |      30 |      43 |  58.9
   Spider:1 |   17443 |    9720 |  35.8 |      55 |      17 |  23.6
   Spider:2 |   10978 |       0 |   0.0 |      29 |       0 |   0.0
   Spider:3 |   17566 |       0 |   0.0 |      45 |       0 |   0.0
   Spider:4 |    8976 |   13375 |  59.8 |      15 |      24 |  61.5
      Orc:1 |    4927 |    1486 |  23.2 |      30 |      20 |  40.0
      Orc:2 |    3668 |    7469 |  67.1 |      46 |      61 |  57.0
   Vaults:1 |   22036 |   25855 |  54.0 |      30 |      33 |  52.4
   Vaults:2 |   51415 |   24335 |  32.1 |      73 |      27 |  27.0
   Vaults:3 |   56963 |   37959 |  40.0 |      76 |      44 |  36.7
   Vaults:4 |   23291 |   14694 |  38.7 |      26 |      16 |  38.1
    Ossuary |       0 |    1022 | 100.0 |       0 |      26 | 100.0
            +---------+---------+-------+---------+---------+-------
